 Dungeon Crawl Stone Soup version 0.20-a0-369-g71b9d6e (webtiles) character file.

1011347 ololoev the Meteorologist (level 27, -2/249 HPs)
             Began as a Naga Fire Elementalist on Dec 22, 2016.
             Was a Priest of Makhleb.
             Slain by a shadow dragon (shapeshifter) (14 damage)
             ... on level 11 of a ziggurat on Dec 28, 2016.
             The game lasted 06:06:00 (87417 turns).

ololoev the Meteorologist (Naga Fire Elementalist) Turns: 87417, Time: 06:06:01

Health: -2/249     AC: 41    Str: 18    XL:     27
Magic:  36/61      EV: 15    Int: 28    God:    Makhleb [***...]
Gold:   5471       SH: 20    Dex: 15    Spells: 45/76 levels left

rFire  + + .     SeeInvis +     b - +9 staff of Wucad Mu {channel}
rCold  + + .     Gourm    .     I - +1 ring mail of Gravity {rElec MR+ Regen+}
rNeg   + + +     Faith    .     V - +8 shield of Valour {rN+}
rPois  ∞         Spirit   .     Y - -2 hat of the Alchemist {rElec rPois rF+ rC+ rN+ MR+ rMut rCorr}
rElec  +         Reflect  .     Q - +2 cloak {+Inv}
rCorr  +         Harm     .     l - +3 pair of gauntlets of War {Slay+5}
rMut   +         Clarity  +     k - +4 naga barding {Fly} (curse)
MR     +++++                    o - amulet of the Albatross {Regen+ Int+6}
Stlth  +++++++...               p - ring "Hocwitoci" {rF+ Str+3 Stlth+}
                                x - ring "Gygin" {MP+9 Int+3} (curse)

@: lich-form, flying, very slightly contaminated, studying 3 skills, very slow
A: molten scales 1, see invisible, clarity, deformed body, magic resistance 1,
poison resistance, slowness 2, slow metabolism 1, spit poison 2, weak 1,
constrict 1, AC +9
}: 6/15 runes: decaying, serpentine, silver, abyssal, demonic, glowing
a: Breathe Poison Gas, End Transformation, Minor Destruction, Lesser Servant of
Makhleb, Renounce Religion, Evoke Invisibility, Stop Flying


Innate Abilities, Weirdness & Mutations

You cannot wear boots.
Your serpentine skin is tough. (AC +9)
You have supernaturally acute eyesight. (SInv)
Armour fits poorly on your strangely shaped body.
Your system is resistant to poisons. (rPois)
You cover ground very slowly.
You have a slow metabolism.
You can exhale a cloud of poison.
You can use your snake-like lower body to constrict enemies.
You are partially covered in molten scales. (AC +2)
You possess an exceptional clarity of mind.
You are resistant to hostile enchantments. (MR+)
You are weak. (Str -2)

Inventory:

Hand Weapons
 a - a +9 sacred scourge of holy wrath
 b - the +9 staff of Wucad Mu (weapon) {channel}
   (You found it on level 13 of the Dungeon)
Armour
 k - a cursed +4 naga barding of flying (worn)
 l - the +3 pair of gauntlets of War (worn) {Slay+5}
   (You bought it in a shop on level 2 of the Elven Halls)

   It affects your accuracy and damage with ranged weapons and melee attacks
   (+5).
 I - the +1 ring mail of Gravity (worn) {rElec MR+ Regen+}
   (You bought it in a shop on level 1 of the Elven Halls)

   It insulates you from electricity.
   It affects your resistance to hostile enchantments.
   It increases your rate of regeneration.
 Q - a +2 cloak of invisibility (worn)
 V - the +8 shield of Valour (worn) {rN+}
   (You bought it in a shop on level 1 of the Elven Halls)

   It protects you from negative energy.
 Y - the -2 hat of the Alchemist (worn) {rElec rPois rF+ rC+ rN+ MR+ rMut rCorr}
   (You found it on level 1 of the Vaults)

   It protects you from fire.
   It protects you from cold.
   It insulates you from electricity.
   It protects you from poison.
   It protects you from negative energy.
   It affects your resistance to hostile enchantments.
   It protects you from acid and corrosion.
   It protects you from mutation.
Magical Staves
 c - an uncursed staff of wizardry
Jewellery
 o - the amulet of the Albatross (around neck) {Regen+ Int+6}
   (You found it on level 23 of a ziggurat)

   [amulet of regeneration]

   It affects your intelligence (+6).
   It increases your rate of regeneration.
 p - the ring "Hocwitoci" (right hand) {rF+ Str+3 Stlth+}
   (You found it on level 19 of a ziggurat)

   [ring of stealth]

   It affects your strength (+3).
   It protects you from fire.
   It makes you more stealthy.
 x - the cursed ring "Gygin" (left hand) {MP+9 Int+3}
   (You found it on level 2 of the Depths)

   [ring of intelligence]

   It affects your intelligence (+3).
   It affects your magic capacity (+9).
   It has a curse placed upon it.
Wands
 v - a wand of digging (12/24)
 S - a wand of disintegration (12/24)
Scrolls
 f - 10 scrolls of magic mapping
 g - 46 scrolls of remove curse
 i - 21 scrolls of recharging
 n - 14 scrolls of fog
 q - 8 scrolls of identify
 s - 4 scrolls of enchant weapon
 u - 35 scrolls of teleportation
 y - 8 scrolls of fear
 R - 3 scrolls of summoning
 U - 11 scrolls of enchant armour
 W - 5 scrolls of blinking
Potions
 h - 19 potions of curing
 m - 5 potions of heal wounds
 r - 6 potions of resistance
 B - 4 potions of agility
 C - 5 potions of cancellation
 D - 9 potions of might
 E - 4 potions of magic
 F - a potion of invisibility
 P - 8 potions of cure mutation
Books
 e - a manual of Earth Magic
 w - a manual of Fire Magic
 A - the Grimoire of Articulation
   (You found it on level 8 of a ziggurat)

   Spells                             Type                      Level
   a - Repel Missiles                 Charms/Air                   2
   b - Throw Frost                    Conjuration/Ice              2
   c - Ensorcelled Hibernation        Hexes/Ice                    2
   d - Spectral Weapon                Hexes/Charms                 3
   e - Excruciating Wounds            Charms/Necromancy            5
   f - Iskenderun's Battlesphere      Conjuration/Charms           5
 G - a manual of Maces & Flails
 Z - a book of Annihilations

   Spells                             Type                      Level
   a - Poison Arrow                   Conjuration/Poison           6
   b - Chain Lightning                Conjuration/Air              8
   c - Lehudib's Crystal Spear        Conjuration/Earth            8
   d - Glaciate                       Conjuration/Ice              9
   e - Fire Storm                     Conjuration/Fire             9
Miscellaneous
 z - a disc of storms
Comestibles
 d - 12 slices of pizza
 j - 43 bread rations
 t - 8 meat rations


   Skills:
 - Level 15.3 Fighting
 - Level 21.1 Maces & Flails
 + Level 15.8 Armour
 - Level 13.2 Dodging
 - Level 17.5 Stealth
 - Level 10.1 Shields
 + Level 25.0 Spellcasting
   Level 1.0 Conjurations
   Level 17.9 Hexes
 + Level 16.4 Necromancy
 + Level 16.7 Transmutations
 - Level 3.0 Fire Magic
 O Level 27 Air Magic
 + Level 3.6 Earth Magic
 - Level 16.7 Invocations
 * Level 15.8 Evocations


You had 45 spell levels left.
You knew the following spells:

 Your Spells              Type           Power        Failure   Level  Hunger
a - Song of Slaying       Chrm           #####...     1%          2    N/A
b - Tornado               Air            ########..   6%          9    N/A
c - Shatter               Erth           ######....   100%        9    N/A
g - Regeneration          Chrm/Necr      #######...   1%          3    N/A
n - Necromutation         Tmut/Necr      ########..   12%         8    N/A


You were on level 11 of a ziggurat.
You worshipped Makhleb.
Makhleb was most pleased with you.
You were not hungry.
You were a lich.
You visited 11 branches of the dungeon, and saw 49 of its levels.
You visited Pandemonium 1 time, and saw 9 of its levels.
You visited the Abyss 2 times.
You visited 2 ziggurats (completing 1), and saw 38 of their levels.
You also visited: Labyrinth, Sewer, Ossuary, Ice Cave and Desolation.

You collected 11875 gold pieces.
You spent 6404 gold pieces at shops.

▓▓▓▓▓▓▓▓▓▓▓▓▓
▓§...§§§§§..▓
▓▓▓▓▓▓.§..§§§§§§.▓▓▓▓▓▓
▓.....§§§.§§§§§§......▓
▓......§.§L†..§.......▓
▓....§.§##&D§##....$%?▓
▓......†##§§.##....|):▓
▓...†.......§.§...§)(∩▓
▓∩.......§§§.§§§...)$>▓
▓........§..§§§....}%∩▓
▓...†.†.##...##....:)}▓
▓.......##...##..†.})?▓
▓.....................▓

Notes
Turn   | Place    | Note
-------+----------+-------------------------------------------
     0 | D:1      | ololoev the Naga Fire Elementalist began the quest for the Orb.
     0 | D:1      | Reached XP level 1. HP: 15/15 MP: 3/3
    95 | D:1      | Reached XP level 2. HP: 22/24 MP: 0/5
   212 | D:1      | Reached skill level 1 in Fighting
   531 | D:1      | Reached skill level 1 in Maces & Flails
   531 | D:1      | Reached XP level 3. HP: 31/31 MP: 6/6
   824 | D:1      | Reached skill level 1 in Armour
  1252 | D:2      | Reached XP level 4. HP: 25/38 MP: 1/7
  1799 | D:2      | Found a blossoming altar of Fedhas.
  1799 | D:2      | Found a white marble altar of Elyvilon.
  1799 | D:2      | Found an ancient bone altar of Kikubaaqudgha.
  1799 | D:2      | Found a sacrificial altar of Ru.
  1810 | D:2      | Found a sparkling altar of Nemelex Xobeh.
  1810 | D:2      | Found a basalt altar of Yredelemnul.
  1823 | D:2      | Became a worshipper of Nemelex Xobeh the Trickster
  1916 | D:2      | Reached XP level 5. HP: 44/44 MP: 4/8
  2392 | D:3      | Received a gift from Nemelex Xobeh
  2638 | D:3      | Reached skill level 1 in Invocations
  2827 | D:3      | Reached * piety under Nemelex Xobeh
  3239 | D:4      | Reached XP level 6. HP: 51/52 MP: 9/9
  3416 | D:4      | Found a sand-covered staircase.
  3443 | Ossuary  | Entered an ossuary
  3508 | Ossuary  | Noticed Yermak's ghost (amateur VSWn)
  3517 | Ossuary  | Killed Yermak's ghost
  3548 | Ossuary  | Reached XP level 7. HP: 19/61 MP: 10/10
  3991 | D:4      | Noticed Blork the orc
  4004 | D:4      | Killed Blork the orc
  4584 | D:5      | Entered Level 5 of the Dungeon
  4622 | D:5      | Found a hide-covered altar of Uskayaw.
  4683 | D:5      | Found a glowing drain.
  4707 | Sewer    | Entered a sewer
  4788 | Sewer    | Reached skill level 5 in Maces & Flails
  5068 | D:5      | Reached XP level 8. HP: 49/69 MP: 11/11
  5219 | D:5      | Found a staircase to the Ecumenical Temple.
  5359 | Temple   | Entered the Ecumenical Temple
  5873 | D:6      | Found an opulent altar of Gozag.
  5905 | D:6      | Reached ** piety under Nemelex Xobeh
  5944 | D:6      | Gained mutation: You are resistant to electric shocks. (rElec) [mutagenic meat]
  5947 | D:6      | Gained mutation: You are weak. (Str -2) [mutagenic meat]
  6199 | D:6      | Received a gift from Nemelex Xobeh
  6233 | D:6      | Found a shattered altar of Ashenzari.
  7543 | D:7      | Noticed Pikel
  7810 | D:7      | Killed Pikel
  7810 | D:7      | Reached XP level 9. HP: 76/79 MP: 12/12
  8197 | D:7      | Received a gift from Nemelex Xobeh
  8324 | D:7      | Reached skill level 5 in Fighting
  8478 | D:7      | Reached *** piety under Nemelex Xobeh
  8732 | D:7      | Noticed a moth of wrath
  8735 | D:7      | Found a bloodstained altar of Trog.
  9029 | D:8      | Noticed a two-headed ogre
  9037 | D:8      | Killed a two-headed ogre
  9037 | D:8      | Reached skill level 5 in Invocations
  9080 | D:8      | Noticed a cyclops
  9087 | D:8      | Killed a cyclops
  9087 | D:8      | Reached skill level 5 in Dodging
  9087 | D:8      | Reached XP level 10. HP: 66/88 MP: 14/14
  9269 | D:8      | Found Wuowago's Food Emporium.
  9312 | D:8      | Paralysed by a hornet for 3 turns
  9453 | D:8      | Found Isilol's Jewellery Shoppe.
  9481 | D:8      | Found Wattag's Jewellery Boutique.
  9749 | D:8      | Found Felas's General Store.
  9970 | D:8      | Found Uxtoq's Antique Armour Shoppe.
 10056 | D:8      | Got a bloodstained rapier
 10057 | D:8      | Identified the +8 rapier "Dazudi" {pierce, Int+4} (You found it on level 8 of the Dungeon)
 10471 | D:5      | Received a gift from Nemelex Xobeh
 10559 | D:5      | Found a runed door.
 10645 | D:5      | Noticed Crazy Yiuf
 10652 | D:5      | Killed Crazy Yiuf
 10702 | D:5      | Noticed Sigmund
 10714 | D:5      | Killed Sigmund
 11003 | D:5      | Found a blossoming altar of Fedhas.
 11280 | D:8      | Reached skill level 5 in Armour
 11685 | D:9      | Gained mutation: You are robust. (+10% HP) [mutagenic meat]
 11691 | D:9      | Noticed Maurice
 11701 | D:9      | Killed Maurice
 11756 | D:9      | Noticed Gastronok
 11780 | D:9      | Killed Gastronok
 11820 | D:9      | Reached XP level 11. HP: 84/108 MP: 16/16
 11994 | D:9      | Reached **** piety under Nemelex Xobeh
 12063 | D:9      | Noticed Grum
 12073 | D:9      | Killed Grum
 12208 | D:9      | Received a gift from Nemelex Xobeh
 12504 | D:9      | Found a staircase to the Orcish Mines.
 12562 | D:10     | Entered Level 10 of the Dungeon
 12712 | D:10     | Reached skill level 10 in Maces & Flails
 12835 | D:10     | Noticed Graouh's ghost (novice MiFi)
 12849 | D:10     | Killed Graouh's ghost
 13307 | D:10     | Reached skill level 1 in Shields
 13362 | D:10     | Found a staircase to the Lair.
 13431 | D:10     | Noticed an unseen horror
 13452 | D:10     | Killed an unseen horror
 13470 | D:10     | Noticed Fannar
 13483 | D:10     | Killed Fannar
 13576 | D:10     | Noticed an unseen horror
 13590 | D:10     | Killed an unseen horror
 13817 | D:10     | Found a bloodstained altar of Trog.
 14021 | D:10     | Gained mutation: Your body sometimes deteriorates upon taking damage. [mutagenic meat]
 14022 | D:10     | Gained mutation: You are partially covered in yellow scales. (AC +2) [mutagenic meat]
 14024 | D:10     | Gained mutation: You can exhale a cloud of poison. [mutagenic meat]
 14173 | D:11     | Noticed an unseen horror
 14185 | D:11     | Killed an unseen horror
 14215 | D:11     | Noticed a purple ugly thing
 14217 | D:11     | Noticed bear's ghost (journeyman GrGl)
 14223 | D:11     | Killed a purple ugly thing
 14478 | Orc:1    | Entered Level 1 of the Orcish Mines
 14478 | Orc:1    | Found Umicvi's Food Emporium.
 14478 | Orc:1    | Noticed a cyclops
 14486 | D:9      | Reached XP level 12. HP: 97/121 MP: 18/18
 14965 | Orc:2    | Entered Level 2 of the Orcish Mines
 14969 | Orc:2    | Noticed an ettin
 14980 | Orc:2    | Killed an ettin
 15733 | Orc:2    | Gained mutation: Your body often deteriorates upon taking damage. [a neqoxec]
 15799 | D:8      | Bought a potion of might for 44 gold pieces
 15799 | D:8      | Bought a scroll of identify for 22 gold pieces
 15799 | D:8      | Bought a cursed amulet of inaccuracy for 22 gold pieces
 15799 | D:8      | Bought a scroll of immolation for 38 gold pieces
 15801 | D:8      | Gained mutation: Your spells are a little easier to cast, but a little less powerful. [potion of mutation]
 15801 | D:8      | Gained mutation: Potions are less effective at restoring your health. [potion of mutation]
 15801 | D:8      | Lost mutation: You are robust. (+10% HP) [potion of mutation]
 15802 | D:8      | Lost mutation: You can exhale a cloud of poison. [potion of mutation]
 15804 | D:8      | Lost mutation: Your spells are a little easier to cast, but a little less powerful. [potion of cure mutation]
 15804 | D:8      | Lost mutation: You are weak. (Str -2) [potion of cure mutation]
 15804 | D:8      | Lost mutation: Your body often deteriorates upon taking damage. [potion of cure mutation]
 15804 | D:8      | Lost mutation: You are resistant to electric shocks. (rElec) [potion of cure mutation]
 15804 | D:8      | Lost mutation: Your body sometimes deteriorates upon taking damage. [potion of cure mutation]
 15804 | D:8      | Lost mutation: Potions are less effective at restoring your health. [potion of cure mutation]
 15905 | Orc:2    | Noticed Snorg
 16015 | Lair:1   | Entered Level 1 of the Lair of Beasts
 17936 | Lair:1   | Noticed a six-headed hydra
 18146 | Lair:2   | Found a staircase to the Snake Pit.
 18234 | Lair:2   | Received a gift from Nemelex Xobeh
 18398 | Lair:1   | Noticed an entropy weaver
 18398 | Lair:1   | a six-headed hydra changed into an entropy weaver
 18409 | Lair:1   | Killed an entropy weaver
 18615 | Lair:1   | Noticed a five-headed hydra
 18643 | Lair:1   | Killed a five-headed hydra
 18950 | Lair:1   | Received a gift from Nemelex Xobeh
 19105 | Lair:2   | Gained mutation: You can use your snake-like lower body to constrict enemies. [Naga growth]
 19105 | Lair:2   | Reached XP level 13. HP: 89/118 MP: 19/19
 19371 | Lair:2   | Found a staircase to the Swamp.
 19941 | Lair:3   | Reached ***** piety under Nemelex Xobeh
 19941 | Lair:3   | Received a gift from Nemelex Xobeh
 19975 | Lair:3   | Got a dazzling mace
 19976 | Lair:3   | Identified the cursed +2 mace "Fyvadaut" {drain, *Corrode MR+ Int+3} (You found it on level 3 of the Lair of Beasts)
 20236 | Lair:3   | Received a gift from Nemelex Xobeh
 22599 | Lair:4   | Received a gift from Nemelex Xobeh
 22696 | Lair:4   | Received a gift from Nemelex Xobeh
 22697 | Lair:4   | Got an encrusted chain mail
 22708 | Lair:4   | Identified the cursed +0 chain mail of Pandemonium {Str+3 Dex+6} (You found it on level 4 of the Lair of Beasts)
 23066 | Lair:5   | Gained mutation: You occasionally shout uncontrollably at your foes. [potion of mutation]
 23066 | Lair:5   | Gained mutation: You are dopey. (Int -2) [potion of mutation]
 23067 | Lair:5   | Lost mutation: You are dopey. (Int -2) [potion of cure mutation]
 23067 | Lair:5   | Lost mutation: You occasionally shout uncontrollably at your foes. [potion of cure mutation]
 23067 | Lair:5   | Lost mutation: You are partially covered in yellow scales. (AC +2) [potion of cure mutation]
 23283 | Lair:5   | Received a gift from Nemelex Xobeh
 23493 | Lair:5   | Received a gift from Nemelex Xobeh
 24333 | Lair:5   | Found a white marble altar of Elyvilon.
 24336 | Lair:5   | Reached skill level 5 in Shields
 24450 | Lair:6   | Entered Level 6 of the Lair of Beasts
 24496 | Lair:6   | Reached skill level 10 in Invocations
 24572 | Lair:6   | Found a staircase to the Slime Pits.
 24706 | Lair:6   | Received a gift from Nemelex Xobeh
 24776 | Lair:6   | Reached XP level 14. HP: 74/129 MP: 21/21
 25673 | Lair:6   | Gained mutation: You are surrounded by a mild repulsion field. (EV +2) [mutagenic meat]
 25674 | Lair:6   | Gained mutation: You are partially covered in iridescent scales. (AC +2) [mutagenic meat]
 25675 | Lair:6   | Gained mutation: Your body sometimes deteriorates upon taking damage. [mutagenic meat]
 25676 | Lair:6   | Gained mutation: You are frail. (-10% HP) [mutagenic meat]
 25677 | Lair:6   | Lost mutation: You are frail. (-10% HP) [mutagenic meat]
 26075 | Lair:6   | Found a runed door.
 27453 | Lair:3   | Reached skill level 10 in Fighting
 27708 | Orc:2    | Killed Snorg
 27885 | Orc:2    | Found a staircase to the Elven Halls.
 27908 | Orc:2    | Found Veemo's General Store.
 28204 | Orc:2    | Found Uhukeidu's Gadget Shoppe.
 28555 | Orc:2    | Noticed an orc warlord
 28568 | Orc:2    | Killed an orc warlord
 28570 | Orc:2    | Reached XP level 15. HP: 124/139 MP: 23/23
 28636 | Orc:2    | Found Uquatz's Distillery.
 28652 | Orc:2    | Found Wimokh's Magic Scroll Shoppe.
 28683 | Orc:2    | Bought a scroll of noise for 15 gold pieces
 28697 | Orc:2    | Found Fuogiom's Book Emporium.
 28700 | Orc:2    | Bought a potion of haste for 110 gold pieces
 28700 | Orc:2    | Bought a potion of flight for 33 gold pieces
 28700 | Orc:2    | Bought a potion of heal wounds for 55 gold pieces
 28991 | Orc:1    | Received a gift from Nemelex Xobeh
 29051 | Orc:1    | Noticed an orc warlord
 29070 | Orc:1    | Killed an orc warlord
 29297 | D:8      | Bought the ring of Boelarchucs {+Blink Str+6 Dex-3 Slay+4} for 1081 gold pieces
 29568 | D:11     | Killed bear's ghost
 29854 | D:11     | Reached ****** piety under Nemelex Xobeh
 29896 | D:11     | Received a gift from Nemelex Xobeh
 30211 | D:12     | Found a frozen archway.
 30334 | IceCv    | Entered an ice cave
 30830 | IceCv    | Noticed a frost giant
 30844 | IceCv    | Killed a frost giant
 31297 | D:12     | Identified Juychoocs's Tome of Displacement
 31555 | D:12     | Received a gift from Nemelex Xobeh
 31874 | D:13     | Reached skill level 15 in Maces & Flails
 31972 | D:13     | Gained mutation: Your flesh is cold resistant. (rC+) [mutagenic meat]
 31973 | D:13     | Gained mutation: Your flesh is heat resistant. (rF+) [mutagenic meat]
 31974 | D:13     | Gained mutation: You are weak. (Str -2) [mutagenic meat]
 31974 | D:13     | Lost mutation: Your body sometimes deteriorates upon taking damage. [potion of cure mutation]
 31974 | D:13     | Lost mutation: You are weak. (Str -2) [potion of cure mutation]
 31974 | D:13     | Lost mutation: You are partially covered in iridescent scales. (AC +2) [potion of cure mutation]
 31974 | D:13     | Lost mutation: Your flesh is heat resistant. (rF+) [potion of cure mutation]
 32498 | D:13     | Found a gate to the Vaults.
 32561 | D:13     | Reached XP level 16. HP: 150/150 MP: 24/24
 32794 | D:14     | Found a labyrinth entrance.
 32804 | D:14     | Received a gift from Nemelex Xobeh
 32813 | Lab      | Entered a labyrinth
 33164 | Lab      | Received a gift from Nemelex Xobeh
 33173 | Lab      | Noticed ThermosAquaticus's ghost (journeyman OpTm)
 33181 | Lab      | Killed ThermosAquaticus's ghost
 33324 | Lab      | Identified a +3 rod of inaccuracy (12/12) (You found it in a labyrinth)
 33325 | Lab      | Identified a +2 rod of ignition (10/10) (You took it off a minotaur in a labyrinth)
 33483 | D:14     | Received a gift from Nemelex Xobeh
 33599 | D:14     | Found Sixackam's Book Shop.
 33869 | D:15     | Entered Level 15 of the Dungeon
 33971 | D:15     | Received a gift from Nemelex Xobeh
 34139 | D:15     | Noticed Sonja
 34147 | D:15     | Killed Sonja
 34159 | D:15     | Noticed Nessos
 34168 | D:15     | Killed Nessos
 34330 | D:15     | Noticed Urug
 34341 | D:15     | Killed Urug
 34391 | D:15     | Noticed Louise
 34404 | D:15     | Received a gift from Nemelex Xobeh
 34615 | D:15     | Found a staircase to the Depths.
 34644 | D:15     | Killed Louise
 35630 | Swamp:1  | Entered Level 1 of the Swamp
 36007 | Swamp:1  | Received a gift from Nemelex Xobeh
 36712 | Swamp:2  | Reached skill level 10 in Dodging
 36940 | Swamp:2  | Noticed a thorn hunter
 36950 | Swamp:2  | Killed a thorn hunter
 37272 | Swamp:2  | Received a gift from Nemelex Xobeh
 37784 | Swamp:3  | Noticed a thorn hunter
 37790 | Swamp:3  | Killed a thorn hunter
 37809 | Swamp:3  | Reached skill level 10 in Armour
 37813 | Swamp:3  | Noticed a thorn hunter
 37829 | Swamp:3  | Killed a thorn hunter
 37845 | Swamp:3  | Noticed a thorn hunter
 37856 | Swamp:3  | Killed a thorn hunter
 37901 | Swamp:3  | Reached XP level 17. HP: 114/159 MP: 26/26
 38024 | Swamp:3  | Got a glittering steel amulet
 38049 | Swamp:3  | Received a gift from Nemelex Xobeh
 38116 | Swamp:3  | Got a brightly glowing wooden ring
 38126 | Swamp:3  | Identified the amulet "Vaov" {Spirit rN++ SInv} (You found it on level 3 of the Swamp)
 38129 | Swamp:3  | Identified the ring "Extel" {MP+9 Int-5 Dex+7} (You found it on level 3 of the Swamp)
 38272 | Swamp:3  | Noticed Jorgrun
 38280 | Swamp:3  | Killed Jorgrun
 38341 | Swamp:3  | Received a gift from Nemelex Xobeh
 38451 | Swamp:4  | Entered Level 4 of the Swamp
 38451 | Swamp:4  | Noticed WereVolvo's ghost (adept GrEE)
 39229 | Swamp:4  | Killed WereVolvo's ghost
 39674 | Swamp:4  | Reached XP level 18. HP: 149/168 MP: 27/27
 39851 | Swamp:4  | Upgraded the game from 0.20-a0-345-gbfb25ec to 0.20-a0-350-ga83eecc
 39871 | Swamp:4  | Got a decaying rune of Zot
 40124 | Snake:1  | Entered Level 1 of the Snake Pit
 40125 | Snake:1  | Received a gift from Nemelex Xobeh
 40364 | Snake:1  | Noticed Aizul
 40371 | Snake:1  | Killed Aizul
 40439 | Snake:1  | Noticed Kirke
 40440 | Snake:1  | Noticed Asterion
 40447 | Snake:1  | Killed Kirke
 40455 | Snake:1  | Killed Asterion
 40603 | Snake:1  | Found Ihesob's Gadget Shoppe.
 40821 | Snake:1  | ReniFell: defir nafidil...
 40997 | Snake:1  | ololoev: nafidil?
 40997 | Snake:1  | Received a gift from Nemelex Xobeh
 41068 | Snake:2  | Reached XP level 19. HP: 174/176 MP: 29/29
 41210 | Snake:2  | Goblin1989: да ренифелл иногда сам не понимает что говорит наверное
 41215 | Snake:2  | Goblin1989: умер он
 41221 | Snake:2  | Goblin1989: но он постоянно умирает
 41234 | Snake:2  | Goblin1989: он же дефир
 41262 | Snake:2  | ReniFell: lul
 41279 | Snake:2  | ReniFell: nafidil ot slova feed
 41279 | Snake:2  | ReniFell: lul
 41288 | Snake:2  | Received a gift from Nemelex Xobeh
 41342 | Snake:2  | ReniFell: seychas by v dve tysyachi shestnadcatom godu ne znat' slova feedit'
 41352 | Snake:2  | ololoev: chto nafidil to?
 41540 | Snake:2  | Received a gift from Nemelex Xobeh
 41614 | Snake:2  | Goblin1989: ну не знаю
 41747 | Snake:2  | Goblin1989: но мне пофиг
 41758 | Snake:2  | Received a gift from Nemelex Xobeh
 41760 | Snake:2  | Goblin1989: я много другого знаю
 41938 | Snake:3  | Noticed Bai Suzhen
 41954 | Snake:3  | Killed Bai Suzhen
 42345 | Snake:3  | Received a gift from Nemelex Xobeh
 42397 | Snake:3  | Found Acvadich's Gadget Emporium.
 42398 | Snake:3  | Found Wiog's Jewellery Shop.
 42400 | Snake:3  | Found Apuhog's Gadget Emporium.
 42468 | Snake:3  | Noticed Saint Roka
 42483 | Snake:3  | Killed Saint Roka
 42838 | Snake:3  | Noticed Vashnia
 42842 | Snake:3  | Goblin1989: ну и что это слово значит, кстати?
 42866 | Snake:3  | Killed Vashnia
 43230 | Snake:3  | Identified a scroll of acquirement
 43238 | Snake:3  | ololoev: opa!
 43252 | Snake:4  | Entered Level 4 of the Snake Pit
 43268 | Snake:4  | Goblin1989: лол
 43303 | Snake:4  | Goblin1989: ты в прошлый раз умер
 43367 | Snake:4  | ololoev: lol kak budt oeto iz-za chaos branda bilo
 43374 | Snake:4  | Goblin1989: когда хаос бренд использовал
 43488 | Snake:4  | Goblin1989: ну я думал что да
 43488 | Snake:4  | ololoev: s takim je uspehom mojno skazat chto kogda ya v proshliy raz hodil v GDA ya umer, ne nado ego nosit
 43488 | Snake:4  | Goblin1989: минотаббер же был
 43552 | Snake:4  | Received a gift from Nemelex Xobeh
 43907 | Snake:4  | Received a gift from Nemelex Xobeh
 44111 | Snake:4  | ololoev: hohoho!
 44111 | Snake:4  | ololoev: poletaite pediki!
 44142 | Snake:4  | Reached XP level 20. HP: 156/187 MP: 30/30
 44147 | Snake:4  | Reached skill level 10 in Shields
 44216 | Snake:4  | Goblin1989: а что, призваные демоны не торментят?
 44218 | Snake:4  | ololoev: net
 44417 | Snake:4  | Goblin1989: а жаль
 44423 | Snake:4  | ololoev: nu esli tebe pofig na torment to tormentyat
 44883 | Snake:4  | Got a serpentine rune of Zot
 44952 | Snake:4  | Received a gift from Nemelex Xobeh
 45349 | Elf:1    | Entered Level 1 of the Elven Halls
 45350 | Elf:1    | Upgraded the game from 0.20-a0-350-ga83eecc to 0.20-a0-369-g71b9d6e
 45680 | Elf:1    | Received a gift from Nemelex Xobeh
 45897 | Elf:1    | Received a gift from Nemelex Xobeh
 45926 | Elf:1    | Found Naopp's Antique Armour Emporium.
 45934 | Elf:1    | Bought the +3 crown of Dyrovepreva {rElec Int+2 SInv} for 1324 gold pieces
 45934 | Elf:1    | Bought a twisted shield for 304 gold pieces
 45934 | Elf:1    | Bought an ancient ring mail for 288 gold pieces
 45955 | Elf:1    | Identified the +8 shield of Valour {rN+} (You bought it in a shop on level 1 of the Elven Halls)
 45966 | Elf:1    | Identified the +2 ring mail "Hankerri" {rN+ Str-5 Slay+2} (You bought it in a shop on level 1 of the Elven Halls)
 45972 | Elf:1    | Bought a slimy ring mail for 288 gold pieces
 45977 | Elf:1    | Identified the +1 ring mail of Gravity {rElec MR+ Regen+} (You bought it in a shop on level 1 of the Elven Halls)
 46348 | Elf:2    | Found Nosav's Assorted Antiques.
 46371 | Elf:2    | Reached skill level 5 in Stealth
 46609 | Elf:2    | Found a runed gate.
 46609 | Elf:2    | Found a runed gate.
 46611 | Elf:2    | Found a runed gate.
 46872 | Elf:2    | Received a gift from Nemelex Xobeh
 47308 | Elf:3    | Entered Level 3 of the Elven Halls
 47643 | Elf:3    | Received a gift from Nemelex Xobeh
 48035 | Elf:3    | Noticed a Tzitzimitl
 48334 | Elf:3    | Reached XP level 21. HP: 143/196 MP: 32/32
 48378 | Elf:3    | Reached skill level 10 in Stealth
 48590 | Elf:3    | Got a faintly glowing amber ring
 48594 | Elf:3    | Identified the ring "Fyiddytaf" {+Inv rPois rC+++ MP-9 AC+5} (You took it off a deep elf elementalist on level 3 of the Elven Halls)
 48635 | Elf:3    | Got a clouded ivory ring
 48636 | Elf:3    | Identified the ring of Nigrats {MP+9 Dex+3} (You took it off a deep elf death mage on level 3 of the Elven Halls)
 48866 | Elf:3    | Got a pair of faintly glowing gloves
 48877 | Elf:3    | Identified the cursed -1 pair of gloves "Sextaeb" {rCorr Dex+4 Slay+3 Stlth-} (You found it on level 3 of the Elven Halls)
 48883 | Elf:3    | Identified Sonarphics's Tome of Sinister Transmigration
 48892 | Elf:3    | Got a jewelled helmet
 48903 | Elf:3    | Identified the +1 helmet of Zin's Brutal Revenge {rPois MR+ Dex-3} (You found it on level 3 of the Elven Halls)
 49350 | Vaults:1 | Entered Level 1 of the Vaults
 49376 | Vaults:1 | Received a gift from Nemelex Xobeh
 49524 | Vaults:1 | Reached skill level 15 in Invocations
 49547 | Vaults:1 | Found a hide-covered altar of Uskayaw.
 49552 | Vaults:1 | Received a gift from Nemelex Xobeh
 49876 | Vaults:1 | Found a radiant altar of Vehumet.
 50717 | Vaults:2 | Received a gift from Nemelex Xobeh
 50818 | Vaults:2 | Found a staircase to the Crypt.
 50887 | Vaults:2 | Received a gift from Nemelex Xobeh
 50896 | Vaults:2 | Reached XP level 22. HP: 205/206 MP: 24/33
 51582 | Vaults:2 | Received a gift from Nemelex Xobeh
 52052 | Vaults:2 | Paralysed by a hornet for 3 turns
 52499 | Vaults:3 | Found a ruined gateway.
 52519 | Vaults:3 | Found Voos's General Store.
 52527 | Vaults:3 | Bought 2 potions of berserk rage for 110 gold pieces
 52593 | Desolati | Entered the Desolation of Salt
 52593 | Desolati | Noticed kuniqs's ghost (adept GrFi)
 52635 | Desolati | Banished kuniqs's ghost
 53101 | Desolati | Got a pitted chain mail
 53103 | Desolati | Got a faintly glowing chain mail
 53112 | Desolati | Reached skill level 15 in Stealth
 53136 | Desolati | Received a gift from Nemelex Xobeh
 53183 | Desolati | Identified the +3 chain mail of Vaeniohi {rN+++ Str-3 Slay-5 SInv} (You found it in the Desolation of Salt)
 53194 | Desolati | Identified the cursed +1 chain mail "Siff" {rC+ Str+5 Int+2 Dex-2} (You found it in the Desolation of Salt)
 53640 | Desolati | Identified Sif Muna's Disquisition on Twisted Envenoming
 53644 | Desolati | Received a gift from Nemelex Xobeh
 53935 | Vaults:3 | Found Ythruopn's General Store.
 53939 | Vaults:3 | Found Fouwk's Weapon Emporium.
 54232 | Vaults:3 | Reached XP level 23. HP: 185/216 MP: 25/34
 54304 | Vaults:3 | Noticed Mennas
 54321 | Vaults:3 | Killed Mennas
 54426 | Vaults:3 | Received a gift from Nemelex Xobeh
 54783 | Vaults:3 | Reached skill level 15 in Fighting
 54790 | Vaults:3 | Noticed Sojobo
 54801 | Vaults:3 | Noticed a golden dragon
 54805 | Vaults:3 | Killed Sojobo
 54822 | Vaults:3 | a golden dragon changed into an iron giant
 55116 | Vaults:3 | Got a scintillating bone amulet
 55117 | Vaults:3 | Identified the amulet "Gumekkiy" {Harm *Drain Int+4} (You found it on level 3 of the Vaults)
 55727 | Elf:2    | Bought the +3 pair of gauntlets of War {Slay+5} for 1567 gold pieces
 55727 | Elf:2    | Bought a scroll of enchant weapon for 247 gold pieces
 56133 | Vaults:3 | Got a heavily runed cloak
 56144 | Vaults:3 | Identified the -5 cloak of the Moon {rPois rC+ Dex+4} (You acquired it on level 3 of the Vaults)
 56332 | Vaults:4 | Received a gift from Nemelex Xobeh
 56802 | Orc:2    | Bought a book of Enchantments for 550 gold pieces
 56811 | Orc:2    | Learned a level 8 spell: Discord
 57190 | Vaults:4 | Reached skill level 1 in Hexes
 57687 | Vaults:4 | Reached XP level 24. HP: 226/226 MP: 26/35
 57706 | Vaults:4 | Reached skill level 5 in Spellcasting
 57722 | Vaults:4 | Reached skill level 5 in Hexes
 57953 | Vaults:4 | Gained mutation: Your body sometimes deteriorates upon taking damage. [a shining eye]
 57976 | Vaults:4 | Gained mutation: You are robust. (+10% HP) [mutagenic meat]
 57978 | Vaults:4 | Gained mutation: You can exhale a cloud of poison. [mutagenic meat]
 57984 | Vaults:4 | Gained mutation: Your flesh is very cold resistant. (rC++) [mutagenic meat]
 57986 | Vaults:4 | Gained mutation: Your body often deteriorates upon taking damage. [mutagenic meat]
 57987 | Vaults:4 | Lost mutation: Your body often deteriorates upon taking damage. [potion of cure mutation]
 57987 | Vaults:4 | Lost mutation: You are robust. (+10% HP) [potion of cure mutation]
 57987 | Vaults:4 | Lost mutation: Your body sometimes deteriorates upon taking damage. [potion of cure mutation]
 57987 | Vaults:4 | Lost mutation: You can exhale a cloud of poison. [potion of cure mutation]
 57987 | Vaults:4 | Lost mutation: You are surrounded by a mild repulsion field. (EV +2) [potion of cure mutation]
 58092 | Vaults:4 | Received a gift from Nemelex Xobeh
 58438 | Vaults:4 | Found Foacepeo's Antique Armour Shop.
 58446 | Vaults:4 | Bought a faintly glowing ring mail for 306 gold pieces
 58446 | Vaults:4 | Identified the +5 ring mail of Hebok {rC+} (You bought it in a shop on level 4 of the Vaults)
 58757 | Depths:1 | Entered Level 1 of the Depths
 58862 | Depths:1 | Noticed Nikola
 58876 | Depths:1 | Killed Nikola
 59425 | Depths:1 | Received a gift from Nemelex Xobeh
 59740 | Depths:1 | Noticed an ancient lich
 59764 | Depths:1 | Killed an ancient lich
 59904 | Depths:1 | Identified the Tome of Evil Arts
 60027 | Depths:1 | Received a gift from Nemelex Xobeh
 60030 | Depths:1 | Found Cerisut's Gadget Shop.
 60093 | Depths:1 | Learned a level 9 spell: Tornado
 60231 | Depths:1 | Found a gateway to Hell.
 60520 | Depths:2 | Reached skill level 10 in Hexes
 60577 | Depths:2 | Got a clouded silver ring
 60578 | Depths:2 | Identified the ring "Gygin" {MP+9 Int+3} (You found it on level 2 of the Depths)
 60595 | Depths:2 | Found a white marble altar of Elyvilon.
 60773 | Depths:2 | Reached skill level 10 in Spellcasting
 60836 | Depths:2 | Reached XP level 25. HP: 234/234 MP: 28/37
 60865 | Depths:2 | Got a clouded granite ring
 60866 | Depths:2 | Identified the ring of Gadul {rPois Str-5 Int+3 Dex+6 SInv} (You found it on level 2 of the Depths)
 60938 | Depths:2 | Found an ancient bone altar of Kikubaaqudgha.
 61021 | Depths:2 | Paralysed by a floating eye for 3 turns
 61178 | Depths:2 | Found a gateway to a ziggurat.
 61330 | Depths:2 | Noticed Margery
 61344 | Depths:2 | Killed Margery
 61551 | Depths:2 | Got a slimy jade ring
 61552 | Depths:2 | Identified the ring "Ydyituduix" {+Fly Str+7} (You found it on level 2 of the Depths)
 61641 | Depths:2 | Found a one-way gate leading to the halls of Pandemonium.
 61769 | Depths:3 | Received a gift from Nemelex Xobeh
 61907 | Depths:3 | Noticed a juggernaut
 61931 | Depths:3 | Killed a juggernaut
 62604 | Depths:3 | Received a gift from Nemelex Xobeh
 62802 | Depths:3 | Reached XP level 26. HP: 86/242 MP: 30/40
 63109 | Depths:3 | Received a gift from Nemelex Xobeh
 63159 | Depths:3 | Found Duycash's Gadget Shop.
 63307 | Depths:4 | Received a gift from Nemelex Xobeh
 63322 | Depths:4 | Paralysed by a floating eye for 4 turns
 63330 | Depths:4 | Paralysed by a floating eye for 4 turns
 63853 | Depths:4 | Found a one-way gate to the infinite horrors of the Abyss.
 63918 | Depths:4 | Gained mutation: You are agile. (Dex +2) [mutagenic meat]
 64048 | Depths:4 | Received a gift from Nemelex Xobeh
 64259 | Depths:5 | Entered Level 5 of the Depths
 64259 | Depths:5 | Found a corrupted altar of Lugonu.
 64362 | Depths:5 | Gained mutation: You are partially covered in large bone plates. (SH +4) [potion of beneficial mutation]
 64476 | Depths:5 | Found a hide-covered altar of Uskayaw.
 64486 | Depths:5 | Reached skill level 15 in Hexes
 64553 | Depths:5 | Received a gift from Nemelex Xobeh
 65042 | Depths:5 | Found a gate to the Realm of Zot.
 66207 | Vaults:5 | Entered Level 5 of the Vaults
 66219 | Vaults:5 | Reached skill level 15 in Spellcasting
 66287 | Vaults:4 | DEFE: hi
 66289 | Vaults:4 | ololoev: yo
 66289 | Vaults:4 | ololoev: tut prazdnik chaosa
 66289 | Vaults:4 | DEFE: У тебя самый правильный тип мага
 66289 | Vaults:4 | DEFE: маг дубинки
 66289 | Vaults:4 | ololoev: 2 eveningstara uje zabrendil v chaos
 66352 | Vaults:4 | DEFE: а зачем второй?
 66355 | Vaults:4 | ololoev: hz
 66355 | Vaults:4 | DEFE: лол
 66355 | Vaults:4 | ololoev: scrolli nekuda devat
 66399 | Vaults:5 | DEFE: можно грейт сейс брандидть
 66401 | Vaults:5 | DEFE: на тумбу
 66401 | Vaults:5 | DEFE: там щит нинужен
 66403 | Vaults:4 | ololoev: est sacred
 66423 | Vaults:4 | DEFE: зачем сакред
 66429 | Vaults:4 | DEFE: если есть хаос
 66429 | Vaults:4 | ololoev: damag
 66429 | Vaults:4 | ololoev: hz
 66429 | Vaults:4 | DEFE: хаос веселее гораздо
 66431 | Vaults:5 | DEFE: и в целом эффективнее
 66439 | Vaults:5 | Reached XP level 27. HP: 189/249 MP: 2/42
 66593 | Vaults:5 | DEFE: 50 ХП
 66822 | Vaults:5 | DEFE: ну как тебе без палки хв?
 66832 | Vaults:5 | ololoev: ne zametil raznici
 66832 | Vaults:5 | ololoev: DD navernoe stradajut
 66832 | Vaults:5 | ololoev: scrolli recharja teper ninujni dlya ne-artificerov
 66868 | Vaults:5 | Received a gift from Nemelex Xobeh
 66902 | Vaults:5 | Identified the +1 ring mail of Shadows and Fog {MR- Str+7} (You found it on level 5 of the Vaults)
 67200 | Vaults:5 | Noticed Jory
 67208 | Vaults:5 | Killed Jory
 67296 | Vaults:5 | Got a sparkling bronze ring
 67297 | Vaults:5 | Identified the ring of Creativity {*Tele rN+ Str+3 Dex-5} (You took it off a deep elf sorcerer on level 5 of the Vaults)
 67390 | Vaults:5 | Received a gift from Nemelex Xobeh
 67421 | Vaults:5 | Noticed an ancient lich
 67433 | Vaults:5 | Killed an ancient lich
 67545 | Vaults:5 | ololoev: ??nemelex_wrath
 67545 | Vaults:5 | beem: nemelex xobeh wrath[1/1]: Two stages. You are forced to draw from the {deck of punishment}; and any cards which you have stacked are randomly shuffled. Drawing from decks at any point could also mean you have to draw from the deck of punishment. Marked cards are 3 times more likely to be swapped for punishment cards.
 67652 | Vaults:5 | Got a silver rune of Zot
 67681 | Vaults:5 | Identified the Volume of Creation and Self-Knowledge
 67704 | Vaults:5 | Learned a level 9 spell: Shatter
 67963 | Vaults:5 | Identified The Foundations of Theurgy
 68531 | Temple   | Fell from the grace of Nemelex Xobeh
 68531 | Temple   | Became a worshipper of Cheibriados the Contemplative
 68532 | Temple   | ololoev: такс
 68532 | Temple   | ololoev: чеи не любит дискорд
 68532 | Temple   | ololoev: ландо, он любит торнадо
 68954 | Vaults:3 | Iwannabefree: yo
 68955 | Vaults:3 | ololoev: hi
 68995 | Vaults:3 | Iwannabefree: dropnul memeleksa?
 68995 | Vaults:3 | Iwannabefree: why
 68995 | Vaults:3 | ololoev: ninujen
 68995 | Vaults:3 | Iwannabefree: eshe i na chei promenyal
 69046 | Crypt:1  | Entered Level 1 of the Crypt
 69047 | Crypt:1  | Iwannabefree: ...
 69067 | Vaults:2 | ololoev: nemelex daet tornado randomno
 69067 | Vaults:2 | ololoev: chei daet tornado at will
 69072 | Crypt:1  | Iwannabefree: а
 69073 | Crypt:1  | Reached skill level 1 in Air Magic
 69076 | Vaults:2 | Iwannabefree: так тут он скучный
 69076 | Vaults:2 | Iwannabefree: да
 69107 | Vaults:2 | Iwannabefree: и нинужный
 69118 | Crypt:1  | Iwannabefree: v tranke to
 69120 | Crypt:1  | Reached skill level 2 in Air Magic
 69248 | Crypt:1  | Reached skill level 3 in Air Magic
 69251 | Crypt:1  | Reached * piety under Cheibriados
 69327 | Crypt:1  | Reached skill level 4 in Air Magic
 69493 | Crypt:1  | Reached skill level 5 in Air Magic
 69685 | Crypt:1  | Reached ** piety under Cheibriados
 70078 | Crypt:2  | Reached skill level 6 in Air Magic
 70250 | Crypt:2  | Reached *** piety under Cheibriados
 70250 | Crypt:2  | Reached skill level 7 in Air Magic
 70250 | Crypt:2  | Reached skill level 8 in Air Magic
 70322 | Crypt:2  | Identified the Compendium of Necromancy
 70333 | Crypt:2  | Learned a level 3 spell: Regeneration
 70533 | Crypt:2  | Reached **** piety under Cheibriados
 70700 | Crypt:3  | Entered Level 3 of the Crypt
 70870 | Crypt:3  | Reached skill level 9 in Air Magic
 71229 | Crypt:3  | Reached skill level 10 in Air Magic
 71295 | Crypt:3  | Reached ***** piety under Cheibriados
 71313 | Crypt:3  | Found a staircase to the Tomb.
 71497 | Crypt:3  | Got a translucent gossamer ring
 71497 | Crypt:3  | Got a flickering wooden ring
 71514 | Crypt:3  | Identified the ring of Iculoyto {rN+ Dex+2} (You found it on level 3 of the Crypt)
 71517 | Crypt:3  | Identified the ring of Oduana {rN+ MR+ Str+3} (You found it on level 3 of the Crypt)
 71623 | Crypt:3  | Noticed Xtahua
 71650 | Crypt:3  | Killed Xtahua
 71761 | Crypt:3  | Reached skill level 11 in Air Magic
 71843 | Crypt:3  | Found an ancient bone altar of Kikubaaqudgha.
 71849 | Crypt:3  | Noticed an ancient lich
 71851 | Crypt:3  | Noticed an ancient lich
 71870 | Crypt:3  | Killed an ancient lich
 71871 | Crypt:3  | Killed an ancient lich
 71947 | Crypt:3  | Cast into level 5 of the Abyss (Lugonu's touch)
 71947 | Abyss:5  | Entered Level 5 of the Abyss
 72027 | Abyss:5  | Found a corrupted altar of Lugonu.
 72058 | Abyss:5  | Reached skill level 12 in Air Magic
 72350 | Abyss:5  | Got an abyssal rune of Zot
 72392 | Abyss:5  | Reached skill level 13 in Air Magic
 72400 | Crypt:3  | Escaped the Abyss
 72960 | Crypt:3  | Learned a level 2 spell: Song of Slaying
 73728 | Elf:3    | Learned a level 8 spell: Necromutation
 74176 | D:15     | Reached ****** piety under Cheibriados
 74348 | Hell     | Entered the Vestibule of Hell
 74348 | Hell     | Noticed Geryon
 74420 | Hell     | Killed Geryon
 74420 | Hell     | Reached skill level 14 in Air Magic
 74640 | Hell     | Found a gateway to the Iron City of Dis.
 74809 | Hell     | Found a gateway to the ashen valley of Gehenna.
 74881 | Hell     | Found a gateway to the decaying netherworld of Tartarus.
 74993 | Hell     | Found a gateway to the freezing wastes of Cocytus.
 75114 | Pan      | Entered Pandemonium
 75228 | Pan      | Found an exit through the horrors of the Abyss.
 75382 | Pan      | Reached skill level 15 in Air Magic
 75539 | Pan      | Noticed Idghoseby the pandemonium lord
 75550 | Pan      | Killed Idghoseby the pandemonium lord
 76140 | Pan      | Found an exit through the horrors of the Abyss.
 76231 | Pan      | Reached skill level 16 in Air Magic
 76258 | Pan      | Noticed Pakhleynt the pandemonium lord
 76272 | Pan      | Killed Pakhleynt the pandemonium lord
 76696 | Pan      | Got a demonic rune of Zot
 76921 | Pan      | Reached skill level 17 in Air Magic
 77503 | Pan      | Noticed Gorice's ghost (legendary MiAM)
 77530 | Pan      | Killed Gorice's ghost
 77901 | Pan      | Reached skill level 18 in Air Magic
 78140 | Pan      | Found an exit through the horrors of the Abyss.
 78978 | Pan      | Was forgiven by Nemelex Xobeh
 79082 | Pan      | Noticed Eraup the pandemonium lord
 79114 | Pan      | Killed Eraup the pandemonium lord
 79114 | Pan      | Reached skill level 19 in Air Magic
 79340 | Pan      | Found an exit through the horrors of the Abyss.
 79789 | Pan      | Found an exit through the horrors of the Abyss.
 80154 | Pan      | Found an exit through the horrors of the Abyss.
 80236 | Pan      | Noticed Noyblen the pandemonium lord
 80245 | Pan      | Killed Noyblen the pandemonium lord
 80245 | Pan      | Reached skill level 20 in Air Magic
 81197 | Pan      | Found an exit through the horrors of the Abyss.
 81641 | Pan      | Reached skill level 21 in Air Magic
 82025 | Pan      | Noticed Asaakhlei the pandemonium lord
 82041 | Pan      | Killed Asaakhlei the pandemonium lord
 82448 | Pan      | Reached skill level 22 in Air Magic
 82617 | Pan      | Found an exit through the horrors of the Abyss.
 82718 | Pan      | Entered the realm of Mnoleg.
 82718 | Pan      | Noticed Mnoleg
 82735 | Pan      | Killed Mnoleg
 82739 | Pan      | Gained mutation: You are dopey. (Int -2) [a neqoxec]
 82762 | Pan      | Lost mutation: You are agile. (Dex +2) [potion of cure mutation]
 82762 | Pan      | Lost mutation: You are dopey. (Int -2) [potion of cure mutation]
 82762 | Pan      | Lost mutation: You are partially covered in large bone plates. (SH +4) [potion of cure mutation]
 82762 | Pan      | Lost mutation: Your flesh is very cold resistant. (rC++) [potion of cure mutation]
 82842 | Pan      | Got a glowing rune of Zot
 82929 | Pan      | Found an exit through the horrors of the Abyss.
 82944 | Pan      | Took an exit into the Abyss.
 82944 | Abyss:1  | Escaped into the Abyss
 82944 | Abyss:1  | Found a corrupted altar of Lugonu.
 82992 | Depths:2 | Escaped the Abyss
 83599 | Zig:1    | Entered Level 1 of a ziggurat
 83650 | Zig:2    | Entered Level 2 of a ziggurat
 83653 | Zig:2    | Noticed Ledghumun the pandemonium lord
 83663 | Zig:2    | Killed Ledghumun the pandemonium lord
 83663 | Zig:2    | Reached skill level 1 in Necromancy
 83663 | Zig:2    | Reached skill level 1 in Transmutations
 83694 | Zig:3    | Entered Level 3 of a ziggurat
 83858 | Zig:4    | Entered Level 4 of a ziggurat
 83885 | Zig:5    | Entered Level 5 of a ziggurat
 83911 | Zig:6    | Entered Level 6 of a ziggurat
 83999 | Zig:7    | Entered Level 7 of a ziggurat
 84029 | Zig:8    | Entered Level 8 of a ziggurat
 84049 | Zig:8    | Reached skill level 23 in Air Magic
 84070 | Zig:9    | Entered Level 9 of a ziggurat
 84081 | Zig:9    | Reached skill level 5 in Necromancy
 84082 | Zig:9    | Reached skill level 5 in Transmutations
 84103 | Zig:9    | Got a jewelled great mace
 84104 | Zig:9    | Identified the +5 great mace "Death Rattle" {crush, Str+6 Int+4} (You found it on level 9 of a ziggurat)
 84108 | Zig:10   | Entered Level 10 of a ziggurat
 84192 | Zig:11   | Entered Level 11 of a ziggurat
 84219 | Zig:11   | Got a sparkling marble ring
 84220 | Zig:11   | Identified the ring "Laptozeumy" {+Blink Int+4 Dex+4} (You found it on level 11 of a ziggurat)
 84226 | Zig:11   | Got a faintly glowing crystal amulet
 84227 | Zig:11   | Identified the amulet "Raxtuth" {Faith MR+} (You found it on level 11 of a ziggurat)
 84265 | Zig:12   | Entered Level 12 of a ziggurat
 84374 | Zig:12   | Identified Sif Muna's Handbook of Freezing Evil Rituals
 84394 | Zig:13   | Entered Level 13 of a ziggurat
 84397 | Zig:13   | Noticed a juggernaut
 84397 | Zig:13   | Noticed a juggernaut
 84397 | Zig:13   | Noticed a juggernaut
 84399 | Zig:13   | Noticed a juggernaut
 84405 | Zig:13   | Killed a juggernaut
 84405 | Zig:13   | Killed a juggernaut
 84406 | Zig:13   | Killed a juggernaut
 84407 | Zig:13   | Killed a juggernaut
 84421 | Zig:13   | Got a sparkling lapis lazuli ring
 84422 | Zig:13   | Identified the ring of Qoarilizy {Int+3 SInv} (You found it on level 13 of a ziggurat)
 84427 | Zig:13   | Got a steaming jade ring
 84428 | Zig:13   | Identified the ring "Kihare" {*Corrode rC+ MR+ Str+3 Int+4} (You found it on level 13 of a ziggurat)
 84439 | Zig:13   | Identified Suolikk's Handbook of Air and Enhancements
 84454 | Zig:14   | Entered Level 14 of a ziggurat
 84467 | Zig:14   | Reached skill level 24 in Air Magic
 84487 | Zig:14   | Identified the Incunabulum of Feathery Cold
 84490 | Zig:14   | Identified the Disquisition on Arcane Weapons and Moulding
 84496 | Zig:14   | Got a crude bone amulet
 84497 | Zig:14   | Identified the amulet "Itiefum" {+Fly rC- rN+ Regen+} (You found it on level 14 of a ziggurat)
 84505 | Zig:14   | Got a coiled lead ring
 84506 | Zig:14   | Identified the cursed ring "Napeyp" {rPois rN+ Str-4} (You found it on level 14 of a ziggurat)
 84509 | Zig:14   | Got an agate-encrusted chain mail
 84520 | Zig:14   | Identified the +1 chain mail "Ohafid" {rCorr Int-3 Stlth+} (You found it on level 14 of a ziggurat)
 84538 | Zig:15   | Entered Level 15 of a ziggurat
 84644 | Zig:15   | Got a crude brass amulet
 84645 | Zig:15   | Identified the amulet of Zacunail {Reflect MR- MP+9 Dex+4 SH+5 Stlth+} (You found it on level 15 of a ziggurat)
 84658 | Zig:15   | Got an ancient cloak
 84659 | Zig:15   | Identified the +2 cloak of Courage {rPois rC+++ Dex-2 Stlth-} (You found it on level 15 of a ziggurat)
 84678 | Zig:16   | Entered Level 16 of a ziggurat
 84689 | Zig:16   | HP: 2/249 [reaper/scythe of freezing (31)]
 84866 | Zig:16   | Identified the Volume of Hexes and Flight
 84876 | Zig:16   | Got a bound platinum amulet
 84877 | Zig:16   | Identified the amulet "Beofidwi" {+Rage Int-5 Slay+6} (You found it on level 16 of a ziggurat)
 84883 | Zig:16   | Got a warped tin amulet
 84884 | Zig:16   | Identified the amulet "Aroh" {Gourm Int+2} (You found it on level 16 of a ziggurat)
 84892 | Zig:17   | Entered Level 17 of a ziggurat
 85022 | Zig:17   | ololoev: ??chei_wrath
 85022 | Zig:17   | beem: cheibriados wrath[1/4]: ABANDONMENT: 25 penance. RETRIBUTION: Increases your movement delay by 10, as if you had max piety. Also Cheibriados will act based on tension. From lowest to highest: curse item, time step, slow+exhaust, sleep, random miscast.
 85071 | Zig:17   | Got a faintly glowing ivory amulet
 85072 | Zig:17   | Identified the amulet "Goerehio" {rElec Regen+} (You found it on level 17 of a ziggurat)
 85084 | Zig:17   | Identified the Tome of Fascination
 85101 | Zig:18   | Entered Level 18 of a ziggurat
 85108 | Zig:18   | Noticed bear's ghost (legendary DECj)
 85118 | Zig:18   | Killed bear's ghost
 85124 | Zig:18   | Reached skill level 10 in Transmutations
 85124 | Zig:18   | Reached skill level 25 in Air Magic
 85149 | Zig:18   | Got a sparkling ivory amulet
 85150 | Zig:18   | Identified the amulet of Xom's Flight of Fancy {rC+ Regen+} (You found it on level 18 of a ziggurat)
 85157 | Zig:18   | Identified the Compendium of Ignition
 85185 | Zig:19   | Entered Level 19 of a ziggurat
 85193 | Zig:19   | Reached skill level 10 in Necromancy
 85197 | Zig:19   | Noticed an ancient lich
 85205 | Zig:19   | Killed an ancient lich
 85242 | Zig:19   | Identified the Almanac of Heat and the Oath
 85248 | Zig:19   | Got a flickering pewter ring
 85249 | Zig:19   | Identified the ring "Hocwitoci" {rF+ Str+3 Stlth+} (You found it on level 19 of a ziggurat)
 85280 | Zig:20   | Entered Level 20 of a ziggurat
 85288 | Zig:20   | Noticed Fuosesown the pandemonium lord
 85289 | Zig:20   | Gained mutation: Your spells are a little easier to cast, but a little less powerful. [a cacodemon]
 85294 | Zig:20   | Killed Fuosesown the pandemonium lord
 85429 | Zig:20   | Got a faintly glowing ruby amulet
 85430 | Zig:20   | Identified the amulet "Lircha" {Gourm MR- Int+3 Dex+4 Slay+4} (You found it on level 20 of a ziggurat)
 85436 | Zig:20   | Got a scorched lead ring
 85437 | Zig:20   | Identified the cursed ring of Keerch {EV-3 Str+5 Slay+3} (You found it on level 20 of a ziggurat)
 85450 | Zig:20   | Identified Vehumet's Compendium of Combat Magic
 85459 | Zig:21   | Entered Level 21 of a ziggurat
 85478 | Zig:21   | Reached skill level 26 in Air Magic
 85507 | Zig:21   | Lost mutation: Your spells are a little easier to cast, but a little less powerful. [mutagenic meat]
 85508 | Zig:21   | Gained mutation: Your tail ends in a poisonous barb. [mutagenic meat]
 85515 | Zig:21   | Gained mutation: Your tail ends in a sharp poisonous barb. [mutagenic meat]
 85516 | Zig:21   | Gained mutation: You regenerate slowly when monsters are visible. [mutagenic meat]
 85517 | Zig:21   | Gained mutation: You are somewhat resistant to further mutation. [mutagenic meat]
 85519 | Zig:21   | Gained mutation: Your tail ends in a wickedly sharp and poisonous barb. [mutagenic meat]
 85519 | Zig:21   | Lost mutation: Your flesh is cold resistant. (rC+) [potion of cure mutation]
 85519 | Zig:21   | Lost mutation: Your tail ends in a wickedly sharp and poisonous barb. [potion of cure mutation]
 85519 | Zig:21   | Lost mutation: Your tail ends in a sharp poisonous barb. [potion of cure mutation]
 85519 | Zig:21   | Lost mutation: Your tail ends in a poisonous barb. [potion of cure mutation]
 85520 | Zig:21   | Lost mutation: You are somewhat resistant to further mutation. [potion of cure mutation]
 85520 | Zig:21   | Lost mutation: You regenerate slowly when monsters are visible. [potion of cure mutation]
 85527 | Zig:21   | Gained mutation: You have a beak for a mouth. [mutagenic meat]
 85537 | Zig:21   | Gained mutation: You are occasionally teleported next to monsters. [mutagenic meat]
 85538 | Zig:21   | Gained mutation: You evolve. [mutagenic meat]
 85541 | Zig:21   | Gained mutation: You have an increased reservoir of magic. (+10% MP) [mutagenic meat]
 85549 | Zig:21   | Identified the Catalogue of Shifting Conjuration
 85552 | Zig:21   | Identified the Almanac of Combat Magic
 85557 | Zig:21   | Identified A Beginning Course on Casting
 85563 | Zig:21   | Identified the Incunabulum of Necromancy and Orientation
 85567 | Zig:21   | Got an ichor-stained ring mail
 85568 | Zig:21   | Identified the +2 ring mail of the Realm of Zot {Int+4} (You found it on level 21 of a ziggurat)
 85605 | Zig:21   | Identified the Papyrus of the Valley of Death
 85613 | Zig:21   | Got a clouded pewter ring
 85614 | Zig:21   | Identified the ring "Diest" {rCorr MR++} (You found it on level 21 of a ziggurat)
 85632 | Zig:22   | Entered Level 22 of a ziggurat
 85709 | Zig:22   | Gained mutation: You are dopey. (Int -2) [mutagenic meat]
 85710 | Zig:22   | Gained mutation: You are partially covered in large bone plates. (SH +4) [mutagenic meat]
 85712 | Zig:22   | Gained mutation: You can exhale a cloud of poison. [mutagenic meat]
 85713 | Zig:22   | Lost mutation: You can exhale a cloud of poison. [mutagenic meat]
 85714 | Zig:22   | Lost mutation: You are dopey. (Int -2) [mutagenic meat]
 85717 | Zig:22   | Gained mutation: You possess an exceptional clarity of mind. [mutagenic meat]
 85718 | Zig:22   | Lost mutation: You possess an exceptional clarity of mind. [mutagenic meat]
 85721 | Zig:22   | Gained mutation: You are frail. (-10% HP) [mutagenic meat]
 85721 | Zig:22   | Lost mutation: You evolve. [potion of cure mutation]
 85721 | Zig:22   | Lost mutation: You are frail. (-10% HP) [potion of cure mutation]
 85721 | Zig:22   | Lost mutation: You are partially covered in large bone plates. (SH +4) [potion of cure mutation]
 85721 | Zig:22   | Lost mutation: You have an increased reservoir of magic. (+10% MP) [potion of cure mutation]
 85724 | Zig:22   | Gained mutation: You are partially covered in large bone plates. (SH +4) [mutagenic meat]
 85725 | Zig:22   | Gained mutation: You are partially covered in molten scales. (AC +2) [mutagenic meat]
 85727 | Zig:22   | Gained mutation: Potions are less effective at restoring your health. [mutagenic meat]
 85728 | Zig:22   | Gained mutation: You possess an exceptional clarity of mind. [mutagenic meat]
 85728 | Zig:22   | Lost mutation: You are occasionally teleported next to monsters. [potion of cure mutation]
 85728 | Zig:22   | Lost mutation: Potions are less effective at restoring your health. [potion of cure mutation]
 85728 | Zig:22   | Lost mutation: You are partially covered in large bone plates. (SH +4) [potion of cure mutation]
 85728 | Zig:22   | Lost mutation: You have a beak for a mouth. [potion of cure mutation]
 85758 | Zig:22   | Got a smoking gossamer ring
 85759 | Zig:22   | Identified the ring "Icehuant" {*Tele Dex+7 Slay+3} (You found it on level 22 of a ziggurat)
 85767 | Zig:22   | Got a warped sapphire amulet
 85768 | Zig:22   | Identified the amulet of Poxtottet {Harm *Drain rC+ Int+6} (You found it on level 22 of a ziggurat)
 85771 | Zig:22   | Identified the Handbook of Ashen Benedictions
 85791 | Zig:23   | Entered Level 23 of a ziggurat
 85811 | Zig:23   | Reached skill level 1 in Evocations
 85960 | Zig:23   | Got a heavily runed amethyst amulet
 85961 | Zig:23   | Identified the amulet of the Albatross {Regen+ Int+6} (You found it on level 23 of a ziggurat)
 85988 | Zig:23   | Identified Biydiekk's Disquisition on the Compass and the Escort
 85991 | Zig:23   | Identified the Collected Works on Translocation
 86009 | Zig:24   | Entered Level 24 of a ziggurat
 86023 | Zig:24   | Reached skill level 5 in Evocations
 86050 | Zig:24   | Reached skill level 27 in Air Magic
 86059 | Zig:24   | Got a sparkling tin ring
 86060 | Zig:24   | Identified the ring "Ateeth" {+Fly MR+ Str+3 Int+2} (You found it on level 24 of a ziggurat)
 86077 | Zig:25   | Entered Level 25 of a ziggurat
 86081 | Zig:25   | Noticed a juggernaut
 86082 | Zig:25   | Noticed a juggernaut
 86083 | Zig:25   | Noticed a juggernaut
 86083 | Zig:25   | Noticed a juggernaut
 86084 | Zig:25   | Noticed a juggernaut
 86087 | Zig:25   | Killed a juggernaut
 86088 | Zig:25   | Noticed a juggernaut
 86092 | Zig:25   | Killed a juggernaut
 86094 | Zig:25   | Killed a juggernaut
 86094 | Zig:25   | Killed a juggernaut
 86095 | Zig:25   | Noticed a juggernaut
 86095 | Zig:25   | Killed a juggernaut
 86096 | Zig:25   | Noticed a juggernaut
 86096 | Zig:25   | Killed a juggernaut
 86097 | Zig:25   | Noticed a juggernaut
 86099 | Zig:25   | Killed a juggernaut
 86101 | Zig:25   | Killed a juggernaut
 86106 | Zig:25   | Killed a juggernaut
 86107 | Zig:25   | Noticed a juggernaut
 86108 | Zig:25   | Noticed a juggernaut
 86109 | Zig:25   | Iwannabefree: ща выебут
 86113 | Zig:25   | Killed a juggernaut
 86113 | Zig:25   | Killed a juggernaut
 86113 | Zig:25   | Reached skill level 10 in Evocations
 86206 | Zig:25   | Identified Olafab's Volume of Blistering Calling
 86210 | Zig:25   | Got a scintillating turquoise ring
 86211 | Zig:25   | Identified the ring of Suspicion {rC++ Str+5 Dex+2 Slay-5} (You found it on level 25 of a ziggurat)
 86217 | Zig:25   | Identified Sif Muna's Guide on Toxins and Air
 86223 | Zig:25   | Got a translucent copper amulet
 86224 | Zig:25   | Identified the amulet "Ometh" {Faith rPois Int+5} (You found it on level 25 of a ziggurat)
 86227 | Zig:25   | Got a warped tin ring
 86228 | Zig:25   | Identified the ring of Winter {MP+9 AC+1} (You found it on level 25 of a ziggurat)
 86240 | Zig:26   | Entered Level 26 of a ziggurat
 86253 | Zig:26   | ololoev: круто: заяюзал абилку, а пити выросло!
 86254 | Zig:26   | Gained mutation: You are weak. (Str -2) [a neqoxec]
 86260 | Zig:26   | Paralysed by accursed screaming for 2 turns
 86262 | Zig:26   | Reached skill level 15 in Transmutations
 86271 | Zig:26   | Paralysed by accursed screaming for 2 turns
 86370 | Zig:26   | Identified the Guide on Shape Shifting and Snow
 86376 | Zig:26   | Gained mutation: You are resistant to hostile enchantments. (MR+) [potion of beneficial mutation]
 86380 | Zig:26   | Identified the Grimoire of Cold and Heat
 86422 | Zig:27   | Entered Level 27 of a ziggurat
 86427 | Zig:27   | Noticed a greater mummy
 86427 | Zig:27   | Noticed a greater mummy
 86428 | Zig:27   | Noticed a greater mummy
 86428 | Zig:27   | Noticed a greater mummy
 86428 | Zig:27   | Noticed a greater mummy
 86428 | Zig:27   | Noticed a greater mummy
 86429 | Zig:27   | Noticed a greater mummy
 86429 | Zig:27   | Noticed a greater mummy
 86429 | Zig:27   | Noticed a greater mummy
 86430 | Zig:27   | Noticed a greater mummy
 86432 | Zig:27   | Noticed a greater mummy
 86432 | Zig:27   | Noticed a greater mummy
 86437 | Zig:27   | Killed a greater mummy
 86438 | Zig:27   | Killed a greater mummy
 86438 | Zig:27   | Killed a greater mummy
 86438 | Zig:27   | Reached skill level 15 in Necromancy
 86438 | Zig:27   | Killed a greater mummy
 86438 | Zig:27   | Killed a greater mummy
 86439 | Zig:27   | Noticed a greater mummy
 86439 | Zig:27   | Killed a greater mummy
 86439 | Zig:27   | Reached skill level 15 in Armour
 86439 | Zig:27   | Killed a greater mummy
 86440 | Zig:27   | Noticed a greater mummy
 86440 | Zig:27   | Noticed a greater mummy
 86440 | Zig:27   | Killed a greater mummy
 86440 | Zig:27   | Killed a greater mummy
 86440 | Zig:27   | Killed a greater mummy
 86442 | Zig:27   | Noticed a greater mummy
 86442 | Zig:27   | Noticed a greater mummy
 86442 | Zig:27   | Killed a greater mummy
 86443 | Zig:27   | Killed a greater mummy
 86444 | Zig:27   | Killed a greater mummy
 86447 | Zig:27   | Noticed a greater mummy
 86447 | Zig:27   | Noticed a greater mummy
 86707 | D:5      | Iwannabefree: зигоскамить собрался?
 86711 | D:5      | ololoev: nemnogo
 86728 | Temple   | Iwannabefree: a u t i s m
 86728 | Temple   | Fell from the grace of Cheibriados
 86728 | Temple   | Became a worshipper of Makhleb the Destroyer
 86745 | D:5      | ololoev: i ne govori!
 86939 | Zig:1    | Entered Level 1 of a ziggurat
 86952 | Zig:2    | Entered Level 2 of a ziggurat
 86969 | Zig:3    | Entered Level 3 of a ziggurat
 86998 | Zig:4    | Entered Level 4 of a ziggurat
 87023 | Zig:4    | Iwannabefree: только торнадо?
 87023 | Zig:4    | Iwannabefree: выебут же
 87023 | Zig:4    | ololoev: nyet!
 87029 | Zig:5    | Entered Level 5 of a ziggurat
 87031 | Zig:5    | Iwannabefree: чеи усыпил
 87033 | Zig:5    | Iwannabefree: т
 87033 | Zig:5    | Noticed a greater mummy
 87034 | Zig:5    | Noticed a greater mummy
 87039 | Zig:5    | Iwannabefree: и какой нибудь джаггернаут стабнет
 87040 | Zig:5    | DEFE: Пришло время скаммить зиги
 87045 | Zig:5    | Reached * piety under Makhleb
 87047 | Zig:5    | Killed a greater mummy
 87047 | Zig:5    | Killed a greater mummy
 87056 | Zig:5    | DEFE: Это ты из-за вука му решил?
 87056 | Zig:5    | DEFE: типа что ему пропадать
 87056 | Zig:5    | ololoev: net, prosto davno ne zigoval
 87062 | Zig:5    | Got a bound lapis lazuli ring
 87063 | Zig:5    | Identified the cursed ring "Mupnouw" {rPois rN+ AC-3} (You found it on level 5 of a ziggurat)
 87087 | Zig:5    | Iwannabefree: ??zig reasons
 87088 | Zig:6    | Entered Level 6 of a ziggurat
 87089 | Zig:6    | beem: zig reasons ~ zin reasons[1/7]: You want to cure all your mutations. You want a source of mutation resistance, or you want a life-saving sanctuary invocation that protects against almost all sources of damage (provided you stay in it and don't attack).
 87089 | Zig:6    | DEFE: алхимик
 87089 | Zig:6    | DEFE: вукад му
 87098 | Zig:6    | DEFE: шторма нет
 87100 | Zig:6    | DEFE: и штыря
 87100 | Zig:6    | ololoev: styr budet
 87100 | Zig:6    | ololoev: storm ninujen
 87100 | Zig:6    | Iwannabefree: обиженный чеи есть
 87114 | Zig:7    | Entered Level 7 of a ziggurat
 87116 | Zig:7    | Iwannabefree: еще глац
 87120 | Zig:7    | ololoev: glaz ninujen toje
 87122 | Zig:7    | Iwannabefree: ??oof
 87123 | Zig:7    | beem: orb of fire[1/3]: Lots of health, immune to elemental (except for cold, which it only resists) and necromantic attacks, insane damage fire spells (fireball maxes at 129) and a mutating spell. Never underestimate their power, lest you snatch defeat from the jaws of victory. Fast!
 87124 | Zig:7    | Iwannabefree: @??orb of fire
 87125 | Zig:7    | beem: orb of fire (*)
                  | Spd:
    15 | HD: 30   | HP: 120-172
                  | AC/EV: 20/20
                  | non-living, see invisible, fly, unbreathing
                  | Res: magic(immune), fire+++, cold, elec+++, poison+++, rot+++, neg+++, torm, napalm
                  | Vul: silver
                  | XP: 8544
                  | Sp: b.fire (3d40) [!sil], fireball (3d43) [!sil], malmutate [!sil]
                  | Sz: little
                  | Int: human.
 87130 | Zig:7    | Iwannabefree: штырем убивать будешь оофов?
 87130 | Zig:7    | ololoev: tornado
 87130 | Zig:7    | DEFE: у них иммун
 87135 | Zig:7    | DEFE: зерканутая улитка
 87135 | Zig:7    | DEFE: лрл
 87137 | Zig:7    | Iwannabefree: торнадо не дамажит...
 87157 | Zig:7    | ololoev: ya smotru tut materie zigskammery sobralis
 87226 | Zig:8    | Entered Level 8 of a ziggurat
 87235 | Zig:8    | Noticed an ancient lich
 87239 | Zig:8    | Reached ** piety under Makhleb
 87241 | Zig:8    | Iwannabefree: divannie
 87241 | Zig:8    | Killed an ancient lich
 87253 | Zig:8    | Got a shimmering lapis lazuli ring
 87254 | Zig:8    | Identified the ring "Losomacw" {rPois rF+ rC+ Str+4 Dex-4} (You found it on level 8 of a ziggurat)
 87256 | Zig:8    | Identified the Grimoire of Articulation
 87277 | Zig:9    | Entered Level 9 of a ziggurat
 87282 | Zig:9    | DEFE: Я между прочим два с половиной зига прошел милишником
 87289 | Zig:9    | DEFE: бех этих ваших некроформ и девяток
 87291 | Zig:9    | Reached skill level 15 in Evocations
 87299 | Zig:9    | DEFE: Кстати, тоже нагой вроде
 87305 | Zig:9    | Gained mutation: You can exhale a cloud of poison. [potion of beneficial mutation]
 87307 | Zig:9    | Got a scorched graven amulet
 87308 | Zig:9    | Identified the amulet "Liskish" {Spirit MP+9 Dex+3 Stlth+} (You found it on level 9 of a ziggurat)
 87314 | Zig:9    | Got a heavily runed golden ring
 87315 | Zig:9    | Identified the ring "Wyuzed" {rPois rC+ Dex-2 Stlth+} (You found it on level 9 of a ziggurat)
 87319 | Zig:9    | Got a ring of the Octopus King
 87321 | Zig:9    | Identified a ring of the Octopus King {rN+ AC+1 EV+1 Str+1 Int+1 Dex+1} (You found it on level 9 of a ziggurat)
 87333 | Zig:10   | Entered Level 10 of a ziggurat
 87343 | Zig:10   | Reached *** piety under Makhleb
 87362 | Zig:10   | Got a vibrating steel ring
 87363 | Zig:10   | Identified the ring "Tichofri" {-Tele *Slow +Inv Str+6 Dex+3} (You found it on level 10 of a ziggurat)
 87372 | Zig:10   | Identified the Almanac of the Compass and Arcane Weapons
 87383 | Zig:11   | Entered Level 11 of a ziggurat
 87387 | Zig:11   | Noticed Nerub Qig the pandemonium lord
 87389 | Zig:11   | Noticed Hicwecir the pandemonium lord
 87392 | Zig:11   | Noticed Iloymi the pandemonium lord
 87407 | Zig:11   | Reached skill level 1 in Earth Magic
 87408 | Zig:11   | ololoev: olololo
 87409 | Zig:11   | Iwannabefree: stuknuli
 87410 | Zig:11   | Killed Iloymi the pandemonium lord
 87411 | Zig:11   | Killed Nerub Qig the pandemonium lord
 87417 | Zig:11   | HP: 12/249 [Hicwecir the pandemonium lord (32)]
 87417 | Zig:11   | Slain by a shadow dragon (shapeshifter)

Dungeon Overview and Level Annotations

Branches:
Dungeon (15/15)            Temple (1/1) D:5            Lair (6/6) D:10
  Swamp (4/4) Lair:2        Snake (4/4) Lair:2        Slime (0/5) Lair:6
    Orc (2/2) D:9             Elf (3/3) Orc:2        Vaults (5/5) D:13
  Crypt (3/3) Vaults:2       Tomb (0/3) Crypt:3      Depths (5/5) D:15
   Hell (1/1)                 Dis (0/7) Hell            Geh (0/7) Hell
    Coc (0/7) Hell            Tar (0/7) Hell            Zot (0/5) Depths:5

Altars:
Ashenzari
Cheibriados
Dithmenos
Elyvilon
Fedhas
Gozag
Hepliaklqana
Kikubaaqudgha
Makhleb
Nemelex Xobeh
Okawaru
Qazlal
Ru
Sif Muna
Trog
Uskayaw
Vehumet
Xom
Yredelemnul
Zin
The Shining One
Lugonu

Shops:
D:8 %=*=[   D:14 :   Orc:1 %   Orc:2 *}?!:   Elf:1 [   Elf:2 *   Snake:1 }
Snake:3 =}}   Vaults:3 *(*   Vaults:4 [   Depths:1 }   Depths:3 }

Portals:
Hell: Depths:1 Depths:2 Depths:3 Depths:4 Depths:5
Abyss: Depths:4 Depths:5
Pandemonium: Depths:2 Depths:3


Message History

The quicksilver dragon claws you. The frost giant hits you!
The Killer Klown blinks!
The frost giant hits you! Hicwecir hits you.
The quicksilver dragon bites you but does no damage.
You block the quicksilver dragon's attack.
The frost giant hits you!! The frost giant hits you.
Unknown command.
Unknown command.
Blink to where?
Press: ? - help, Dir - move target cursor
As you read the scroll of blinking, it crumbles to dust.
The winds around you calm down.
Found eighteen items.
Found two gates leading back out of this place.
Found a stone staircase leading down.
Unknown command.
Casting: Tornado
Confirm with . or Enter, or press ? or * to list all spells.
A great vortex of raging winds appears around you.
The quicksilver dragon changes into a shadow dragon!
You kill the butterfly!
You kill Iloymi!
Makhleb accepts your kill.
You feel better.
The butterfly disappears in a puff of smoke! x9
The Killer Klown laughs merrily.
The Killer Klown blinks!
Unknown command.
Unknown command.
Unknown command.
Unknown command.
You kill the Killer Klown!
Makhleb accepts your kill.
You feel better.
You kill Nerub Qig!
Makhleb accepts your kill.
Your Spellcasting skill increases to level 25!
Your Earth Magic skill increases to level 3!
The winds around you start to calm down.
Hicwecir sneers, "Embrace thy doom, thou warped sow-suckled dewberry!"
Hicwecir hits you!! Hicwecir hits you!
Unknown command.
Unknown command.
Blink to where?
Press: ? - help, Dir - move target cursor There's something in the way.
Okay, then.
Blink to where?
Press: ? - help, Dir - move target cursor
As you read the scroll of blinking, it crumbles to dust.
A polar bear comes into view.
Unknown command.
The winds around you calm down. You block the shadow dragon's attack.
The shadow dragon claws you. The shadow dragon closely misses you.
Casting: Tornado
Confirm with . or Enter, or press ? or * to list all spells.
A great vortex of raging winds appears around you.
You block the frost giant's attack.
Unknown command.
You kill the frost giant!
Makhleb accepts your kill.
The frost giant's shape twists and changes as it dies.
You kill the frost giant!
Makhleb accepts your kill.
You feel better.
The frost giant's shape twists and changes as it dies.
You block Hicwecir's attack. Hicwecir hits you! You block Hicwecir's attack.
Unknown command.
Unknown command.
The winds around you start to calm down.
Hicwecir hits you but does no damage.
Hicwecir sneers, "Surrender, thou tasty victuals!"
Hicwecir hits you! The shadow dragon barely misses you.
The shadow dragon claws you! You block the shadow dragon's attack.
Unknown command.
Unknown command.
You hit Hicwecir but do no damage. You grab Hicwecir.
Hicwecir is almost dead.
You constrict Hicwecir, but do no damage.
Hicwecir hits you!! The shadow dragon bites you!
You die...

You could see Hicwecir and a shadow dragon shaped shifter.

Vanquished Creatures
  Mnoleg (Pan)
  The ghost of bear the Pyromancer, a legendary DECj of Vehumet (Zig:18)
  The ghost of Gorice the Slayer, a legendary MiAM of Okawaru (Pan)
  Mennas (Vaults:3)
  16 juggernauts
  6 ancient liches
  15 greater mummies
  Sojobo (Vaults:3)
  Vashnia (Snake:3)
  Bai Suzhen (Snake:3)
  Margery (Depths:2)
  Geryon (Hell)
  9 pandemonium lords
  Xtahua (Crypt:3)
  8 Killer Klowns
  A caustic shrike (Depths:3)
  9 golden dragons
  Nikola (Depths:1)
  2 profane servitors
  A bone dragon (Crypt:3)
  Jory (Vaults:5)
  4 Brimstone Fiends
  11 liches
  A hellephant (Pan)
  Jorgrun (Swamp:3)
  12 Tzitzimimeh
  3 iron giants (Zig:16)
  6 Ice Fiends
  15 tentacled monstrosities
  3 Hell Sentinels
  9 titans
  6 acid blobs (Zig:10)
  2 quicksilver dragons (Vaults:5)
  2 deep elf blademasters (Elf:3)
  2 deep elf master archers (Elf:3)
  Asterion (Snake:1)
  13 Executioners
  9 sphinxes
  6 ancient champions
  8 thorn hunters
  5 tentacled starspawn
  5 draconian monks
  A shadow dragon (shapeshifter) (Zig:8)
  10 storm dragons
  14 shadow dragons
  7 revenants
  Kirke (Snake:1)
  11 tengu reavers
  2 fire giants (shapeshifter)
  An azure jelly (shapeshifter) (Zig:7)
  12 nagarajas
  9 frost giants
  16 fire giants
  A draconian scorcher (Zig:9)
  4 azure jellies
  6 iron dragons
  26 ghost moths
  19 cacodemons
  20 deep elf sorcerers
  2 frost giants (shapeshifter) (Zig:11)
  Aizul (Snake:1)
  15 orc warlords
  17 vault wardens
  A juggernaut zombie (Zig:17)
  10 curse skulls
  A ghoul (Vaults:4)
  8 emperor scorpions
  2 imperial myrmidons (Desolation)
  6 draconian knights
  8 warmongers
  3 draconian shifters
  A caustic shrike zombie (Zig:27)
  An angel (Pan)
  28 balrugs
  18 very ugly things
  3 draconian stormcallers
  3 deep elf elementalists
  2 draconian annihilators
  27 reapers
  31 stone giants
  11 war gargoyles
  Louise (D:15)
  13 entropy weavers
  7 blood saints
  17 ironheart preservers
  23 vampire knights
  A juggernaut skeleton (Crypt:1)
  2 caustic shrike skeletons
  11 corrupters
  6 small abominations
  3 green draconians
  6 black suns
  4 bennus
  12 lorocyprocas
  3 black draconians
  A spectral titan (Crypt:2)
  5 deep elf demonologists
  A purple draconian (Zig:11)
  A halazid warlock (Desolation)
  13 deep elf annihilators
  6 yellow draconians
  2 white draconians
  4 red draconians
  27 blizzard demons
  11 spark wasps
  5 merfolk impalers
  11 green deaths
  10 merfolk javelineers
  17 deep elf death magi
  22 ettins
  14 eidola
  18 mummy priests
  An ettin (shapeshifter) (Zig:8)
  10 fire dragons
  15 jiangshi
  3 crystal guardians (Desolation)
  A deep elf high priest (Elf:3)
  8 yaktaur captains
  2 quicksilver dragon zombies
  7 ragged hierophants (Desolation)
  6 monstrous demonspawn (Pan)
  10 rakshasas
  8 hell beasts
  14 great orbs of eyes
  12 naga warriors
  3 quicksilver dragon skeletons
  31 hydras
  7 servants of whispers
  2 juggernaut simulacra (Pan)
  4 ghost crabs
  15 ice dragons
  A catoblepas (D:15)
  18 vault guards
  2 merfolk avatars
  7 peacekeepers (Desolation)
  10 centaur warriors
  7 spriggan air magi
  3 alligator snapping turtles (Zig:22)
  2 satyrs
  15 anacondas
  28 dancing weapons
  8 alligators
  4 death knights
  12 deep troll earth magi
  2 death yaks
  20 ogre magi
  9 merfolk aquamancers
  56 two-headed ogres
  5 death scarabs
  8 thrashing horrors
  19 orc high priests
  Urug (D:15)
  5 hell hogs
  3 titan zombies
  16 vampire magi
  4 deep troll shamans
  A storm dragon zombie (Depths:1)
  2 spriggan berserkers
  21 naga sharpshooters
  14 shock serpents
  6 tengu warriors
  11 shadow wraiths
  21 deep elf knights
  3 iron golems
  49 soul eaters
  70 sun demons
  53 skeletal warriors
  2 storm dragon skeletons
  A fire crab (shapeshifter) (Vaults:4)
  2 iron trolls (shapeshifter)
  8 wretched stars
  A fire crab (Zig:3)
  21 deep trolls
  3 salamander mystics
  4 spatial maelstroms (Zig:26)
  4 titan skeletons
  5 unseen horrors
  2 golden dragon zombies
  11 sea snakes
  A spriggan druid (Zig:23)
  23 hell knights
  18 sixfirhies (Pan)
  3 anaconda zombies
  A cherub (Pan)
  9 infernal demonspawn (Pan)
  13 iron trolls
  5 torturous demonspawn (Pan)
  9 shadow demons
  7 death drakes
  An unseen horror (shapeshifter) (D:15)
  8 wizards
  A ghost moth zombie (Crypt:2)
  4 glowing orange brains
  42 starcursed masses
  14 deep elf archers
  16 flayed ghosts
  14 swamp dragons
  9 gelid demonspawn (Pan)
  6 shambling mangroves
  A lindwurm (Lair:6)
  Pikel (D:7)
  18 ironbrand convokers
  An orange crystal statue (Zig:1)
  50 deep elf magi
  22 phantasmal warriors
  7 naga ritualists
  2 anaconda skeletons
  2 wolf spider zombies (Crypt:3)
  13 necromancers
  24 harpies
  12 orc knights
  10 salamanders
  31 wolf spiders
  5 iron dragon zombies
  25 orb spiders
  48 ugly things
  8 mana vipers
  3 golden dragon skeletons
  10 cyclopes
  3 shadow dragon skeletons
  12 orc sorcerers
  2 frost giant zombies (Crypt:3)
  A tengu skeleton (Zig:27)
  5 oklob plants (Zig:10)
  A wolf spider (shapeshifter) (Zig:7)
  2 salamanders (shapeshifter)
  2 shining eyes
  5 fire giant zombies
  2 worldbinders
  4 fauns (Zig:18)
  9 manticores
  5 merfolk sirens
  A manticore (shapeshifter) (Depths:1)
  2 sphinx skeletons
  7 guardian serpents
  9 moths of wrath
  19 naga magi
  51 black mambas
  A water nymph (shapeshifter) (Depths:3)
  A guardian serpent (shapeshifter) (Vaults:5)
  22 vault sentinels
  11 torpor snails
  A spriggan zombie (Depths:1)
  A fire giant skeleton (Depths:1)
  3 centaur zombies
  7 water nymphs
  8 apocalypse crabs
  A stone giant skeleton (Vaults:4)
  A dire elephant zombie (Crypt:3)
  8 gargoyles
  13 rust devils
  41 smoke demons
  7 ice statues
  Maurice (D:9)
  5 eyes of devastation
  15 orange demons
  2 catoblepas zombies
  15 hellions
  59 yaktaurs
  An eye of devastation (shapeshifter) (Zig:8)
  23 spiny frogs
  2 rime drakes
  A kobold demonologist (D:13)
  2 rime drakes (shapeshifter)
  A yaktaur zombie (Vaults:4)
  An iron troll zombie (Crypt:1)
  A yaktaur (shapeshifter) (Vaults:1)
  An efreet (Zig:20)
  8 centaur skeletons
  A komodo dragon (shapeshifter) (Depths:4)
  13 komodo dragons
  10 hellwings
  An elf skeleton (Zig:17)
  16 freezing wraiths
  A human zombie (Vaults:3)
  A yellow draconian skeleton (Crypt:2)
  13 guardian mummies
  14 tormentors
  31 demonic crawlers
  A harpy zombie (Crypt:3)
  2 hydra zombies (Hell)
  26 merfolk
  4 spriggan skeletons
  10 tyrant leeches
  9 tengu conjurers
  11 ice devils
  15 polar bears
  9 ancient zymes
  19 jumping spiders
  A troll (shapeshifter) (Vaults:2)
  51 red devils
  4 wind drakes
  A jumping spider (shapeshifter) (Zig:26)
  2 hydra skeletons
  16 trolls
  29 hornets
  A harpy skeleton (Crypt:3)
  73 slime creatures
  49 saltlings
  23 blink frogs
  6 hippogriffs
  8 raiju
  4 ettin zombies
  11 bog bodies
  A fire dragon zombie (Crypt:3)
  13 dream sheep
  A fire giant simulacrum (Vaults:3)
  A blink frog (shapeshifter) (Elf:2)
  5 snapping turtles
  3 elf zombies
  A black mamba zombie (Zig:17)
  50 large abominations
  A slime creature (shapeshifter) (Depths:5)
  44 ynoxinuls
  25 tarantellas
  10 air elementals
  10 flying skulls
  Sigmund (D:5)
  2 deep troll skeletons (Depths:1)
  4 spriggans
  2 yaks (shapeshifter)
  3 ettin skeletons
  9 vampires
  17 redbacks
  22 water elementals
  A tarantella (shapeshifter) (Zig:7)
  An ice dragon skeleton (Crypt:3)
  A tyrant leech zombie (Crypt:1)
  4 fire elementals
  6 shadows
  6 ushabtiu (Zig:27)
  13 wyverns
  A human (Swamp:4)
  A human (shapeshifter) (Vaults:4)
  44 yaks
  10 wraiths
  A fire bat (D:8)
  2 hogs (shapeshifter)
  9 hungry ghosts
  4 golden eyes
  A golden eye (shapeshifter) (Vaults:5)
  20 vampire mosquitoes
  27 neqoxecs
  A steam dragon (D:13)
  38 chaos spawn
  A steam dragon (shapeshifter) (Vaults:1)
  A yaktaur simulacrum (Vaults:3)
  4 basilisks
  10 insubstantial wisps
  6 wargs
  35 nagas
  A torturous demonspawn zombie (Crypt:3)
  A swamp worm (shapeshifter) (Vaults:1)
  15 swamp worms
  A spatial vortex (Zig:26)
  2 soldier ants
  An acid dragon (shapeshifter) (Depths:5)
  7 floating eyes
  A naga (shapeshifter) (Vaults:1)
  5 hell hounds
  7 porcupines
  2 porcupines (shapeshifter)
  20 water moccasins
  A hydra simulacrum (Hell)
  2 slaves
  A swamp dragon zombie (Zig:17)
  49 orc warriors
  13 swamp drakes
  A spiny frog skeleton (Hell)
  An alligator simulacrum (Hell)
  5 ice beasts
  A manticore zombie (Zig:17)
  A black bear (D:10)
  4 eyes of draining
  5 sky beasts
  A necrophage (D:11)
  5 phantoms
  9 boggarts
  23 centaurs
  An eye of draining (shapeshifter) (Vaults:2)
  38 wolves
  A lindwurm skeleton (Crypt:2)
  3 manticore skeletons
  74 ogres
  14 crocodiles
  11 big kobolds
  A human skeleton (Vaults:4)
  17 bullfrogs
  A deep troll simulacrum (Vaults:2)
  6 earth elementals
  A glowing shapeshifter simulacrum (Vaults:1)
  A wyvern skeleton (D:9)
  A raiju zombie (Crypt:2)
  4 scorpions
  7 killer bees
  A human simulacrum (Vaults:1)
  2 raiju skeletons
  A troll skeleton (Crypt:2)
  A wight (D:12)
  4 electric eels
  8 howler monkeys
  A bullfrog zombie (D:13)
  4 crimson imps
  4 jellies
  6 hounds
  Crazy Yiuf (D:5)
  18 orc priests
  2 bullfrog skeletons
  3 iron imps
  2 iguanas
  27 orc wizards
  A lightning spire (Zig:13)
  13 worker ants
  2 tengu zombies
  A dwarf zombie (Crypt:1)
  A hound skeleton (D:7)
  23 mummies
  A howler monkey zombie (D:11)
  2 worker ant zombies
  19 adders
  6 gnolls
  5 shadow imps
  8 white imps (Zig:17)
  3 oozes
  An adder skeleton (D:6)
  An adder zombie (D:8)
  An iguana skeleton (Crypt:2)
  7 worms
  5 dart slugs
  7 leopard geckos
  85 orcs
  4 ball pythons
  8 giant cockroaches
  6 goblins
  5 hobgoblins
  15 jackals
  12 quokkas
  12 bats
  5 frilled lizards
  7 hobgoblin zombies (Ossuary)
  A jackal zombie (Ossuary)
  29 kobolds
  3 kobold zombies (Ossuary)
  A leopard gecko zombie (D:6)
  9 orc zombies
  12 rats
  2 rat zombies (Ossuary)
  8 briar patches
  6 crawling corpses
  A fungus (Lair:6)
  A lurking horror (Abyss:5)
  8 plants
  4 starspawn tentacles
4242 creatures vanquished.

Vanquished Creatures (collateral kills)
  Saint Roka (Snake:3)
  The ghost of WereVolvo the Metallomancer, an adept GrEE of Vehumet (Swamp:4)
  Gastronok (D:9)
  A tengu reaver (Vaults:5)
  A shadow dragon (Vaults:5)
  3 thorn hunters (Swamp:3)
  A nagaraja (Snake:4)
  An azure jelly (Snake:4)
  A frost giant (Depths:4)
  A fire giant (Vaults:5)
  An orc warlord (Orc:2)
  2 deep elf sorcerers
  A vault warden (Vaults:4)
  An ironheart preserver (Vaults:5)
  2 very ugly things (Depths:4)
  Nessos (D:15)
  A stone giant (Vaults:5)
  3 deep elf demonologists
  A deep elf annihilator (Elf:3)
  An entropy weaver (Lair:1)
  4 ettins
  3 deep elf death magi
  Snorg (Orc:2)
  A minotaur (Lab)
  A deep elf high priest (Elf:3)
  2 yaktaur captains (Vaults:5)
  A great orb of eyes (Depths:2)
  The ghost of bear the Cleaver, a journeyman GrGl of Makhleb (D:11)
  20 vault guards (Vaults:5)
  3 naga warriors
  Fannar (D:10)
  3 hydras
  An ice dragon (Lair:6)
  2 anacondas
  A death knight (D:15)
  The ghost of ThermosAquaticus the Martial Artist, a journeyman OpTm of Cheibriados (Lab)
  13 two-headed ogres
  The ghost of Graouh the Carver, a novice MiFi of Okawaru (D:10)
  4 ogre magi
  3 alligators
  A deep troll shaman (Depths:2)
  A hell hog (Snake:4)
  2 shock serpents (Snake:4)
  A shock serpent (shapeshifter) (Vaults:5)
  2 naga sharpshooters
  Sonja (D:15)
  A glowing orange brain (Snake:1)
  3 skeletal warriors
  2 deep trolls
  3 sea snakes (Snake:4)
  2 shambling mangroves (Swamp:4)
  A deep elf archer (Elf:2)
  3 naga ritualists
  2 swamp dragons
  2 phantasmal warriors
  A necromancer (Depths:2)
  2 orc sorcerers
  A wolf spider (Lair:6)
  A deep elf mage (Elf:2)
  A shining eye (Snake:4)
  A cyclops (D:8)
  A faun (Snake:4)
  A mana viper (Snake:4)
  4 salamanders
  A moth of wrath (Vaults:3)
  3 guardian serpents
  3 black mambas (Snake:2)
  2 water nymphs (Snake:4)
  3 vault sentinels
  2 torpor snails
  4 naga magi
  4 spiny frogs
  A centaur skeleton (D:11)
  An efreet (D:15)
  2 yaktaurs
  A komodo dragon (Lair:6)
  4 trolls (Orc:2)
  A wind drake (Snake:4)
  A tengu conjurer (D:15)
  3 hornets
  6 tyrant leeches
  A wolf spider simulacrum (D:15)
  A polar bear (IceCv)
  A blink frog (Lair:6)
  2 bog bodies
  5 slime creatures (Swamp:3)
  A hippogriff (Lair:4)
  5 yaks
  The ghost of Yermak the Magician, an amateur VSWn of Zin (Ossuary)
  A water elemental (Elf:3)
  A wraith (D:15)
  A fire bat (Snake:4)
  A basilisk (Snake:1)
  A vampire mosquito (Swamp:2)
  Grum (D:9)
  2 wargs
  12 nagas
  3 water moccasins (Lair:6)
  A floating eye (shapeshifter) (Vaults:5)
  A swamp worm (Swamp:3)
  A swamp drake (Swamp:3)
  15 orc warriors
  15 ogres
  A centaur (D:8)
  A wolf (D:9)
  A crocodile (D:10)
  Blork the orc (D:4)
  An elf zombie (Ossuary)
  A bullfrog (D:15)
  A wyvern skeleton (D:10)
  A crimson imp (D:8)
  2 bullfrog skeletons (D:13)
  A human zombie (Ossuary)
  6 orc priests
  13 orc wizards
  A worker ant (D:9)
  A big kobold zombie (Ossuary)
  A mummy (Ossuary)
  2 gnolls (Orc:2)
  An adder zombie (Ossuary)
  24 orcs
  A giant cockroach (D:8)
  A goblin zombie (Ossuary)
  3 hobgoblin zombies (Ossuary)
  A jackal zombie (Ossuary)
  2 kobold zombies (Ossuary)
  2 orc zombies (Ossuary)
  2 rat zombies (Ossuary)
320 creatures vanquished.

Vanquished Creatures (others)
  The ghost of kuniqs the End of an Era, an adept GrFi of Qazlal (Desolation)
  An eldritch tentacle (Pan)
  A tengu reaver (Vaults:5)
  A frost giant (Vaults:5)
  A deep elf sorcerer (Elf:3)
  2 stone giants
  A merfolk javelineer (Zig:22)
  2 yaktaur captains
  2 hydras (Swamp:4)
  A vault guard (Vaults:5)
  A naga warrior (Snake:4)
  2 two-headed ogres (Vaults:5)
  A fire crab (Vaults:3)
  A sea snake (Orc:2)
  A hell knight (Depths:2)
  An anaconda skeleton (Hell)
  A deep elf archer (Vaults:5)
  An orc knight (Vaults:5)
  A wolf spider (Vaults:3)
  An orb spider (Vaults:3)
  2 deep elf magi
  3 ugly things (Vaults:2)
  A vault sentinel (Vaults:5)
  A smoke demon (Pan)
  A guardian serpent (Zig:22)
  3 yaktaurs
  3 hornets
  A saltling (Desolation)
  A slime creature (Swamp:2)
  2 spriggans (Swamp:4)
  A human (Snake:1)
  A chaos spawn (Pan)
  2 wargs
  2 nagas (Snake:4)
  An orc warrior (Vaults:2)
  A boggart (Depths:3)
  5 ogres
  2 centaurs
  A bullfrog (shapeshifter) (Depths:3)
  A scorpion (Depths:2)
  An orc priest (Orc:2)
  2 orc wizards
  9 ball lightnings
  5 orcs
  A jackal (Depths:2)
  7 briar patches
  A fire vortex (Vaults:4)
  35 fungi
  41 plants
  11 starspawn tentacles
  26 withered plants (Crypt:3)
198 creatures vanquished.

Grand Total: 4760 creatures vanquished

Action                   |  1- 3 |  4- 6 |  7- 9 | 10-12 | 13-15 | 16-18 | 19-21 | 22-24 | 25-27 || total
-------------------------+-------+-------+-------+-------+-------+-------+-------+-------+-------++-------
Melee: Club              |    11 |       |       |       |       |       |       |       |       ||    11
       Morningstar       |       |   154 |   345 |       |  1232 |   961 |   284 |       |       ||  2976
       Whip              |       |       |   143 |   362 |   121 |       |       |       |       ||   626
       Rapier            |       |       |       |   410 |       |       |       |       |       ||   410
       Constrict         |       |       |       |       |   292 |   157 |   283 |   265 |   744 ||  1741
       Eveningstar       |       |       |       |       |       |       |  1029 |  1498 |  1489 ||  4016
       Sacred scourge    |       |       |       |       |       |       |       |       |  3218 ||  3218
       Staff             |       |       |       |       |       |       |       |       |    54 ||    54
       Unarmed           |       |       |       |       |       |       |       |       |     5 ||     5
       Peck              |       |       |       |       |       |       |       |       |     5 ||     5
Throw: Throwing net      |       |       |       |     2 |       |       |       |       |       ||     2
 Cast: Flame Tongue      |    34 |    66 |       |       |       |       |       |       |       ||   100
       Discord           |       |       |       |       |       |       |       |       |     8 ||     8
       Regeneration      |       |       |       |       |       |       |       |       |   180 ||   180
       Tornado           |       |       |       |       |       |       |       |       |   102 ||   102
       Song of Slaying   |       |       |       |       |       |       |       |       |    26 ||    26
       Necromutation     |       |       |       |       |       |       |       |       |     8 ||     8
Invok: Stack Five        |       |       |       |       |       |     1 |     3 |       |     1 ||     5
       Slouch            |       |       |       |       |       |       |       |       |    49 ||    49
       Temporal Distorti |       |       |       |       |       |       |       |       |     1 ||     1
 Abil: Spit Poison       |    33 |    46 |    47 |    78 |    47 |     1 |     4 |     1 |     5 ||   262
       Breathe Poison Ga |       |       |       |    18 |       |       |       |       |       ||    18
       Evoke Invisibilit |       |       |       |     2 |       |       |       |     1 |       ||     3
       End Transformatio |       |       |       |       |       |       |       |       |     2 ||     2
Evoke: Deck              |       |     2 |    13 |    18 |    64 |    87 |    80 |    49 |    18 ||   331
       Wand              |       |       |    11 |     8 |     4 |       |       |     1 |     1 ||    25
       Staff of Wucad Mu |       |       |       |       |       |       |       |       |     7 ||     7
       Figurine of a zig |       |       |       |       |       |       |       |       |     1 ||     1
  Use: Scroll            |       |     6 |     6 |     5 |    12 |    14 |    18 |    15 |    79 ||   155
       Potion            |       |       |     4 |     9 |     5 |     4 |       |     3 |    51 ||    76
 Stab: Petrified         |       |       |       |     8 |       |     7 |    11 |       |    15 ||    41
       Invisible         |       |       |       |     6 |     1 |       |       |       |     1 ||     8
       Petrifying        |       |       |       |       |     1 |       |     5 |    13 |     7 ||    26
       Distracted        |       |       |       |       |     2 |     7 |     7 |     9 |    46 ||    71
       Sleeping          |       |       |       |       |     2 |     2 |    14 |    15 |    38 ||    71
       Confused          |       |       |       |       |       |       |    10 |    10 |    11 ||    31
       Paralysed         |       |       |       |       |       |       |     7 |     9 |    13 ||    29
  Eat: Chunk             |     3 |    10 |    14 |    39 |    49 |     9 |    23 |    33 |    66 ||   246
       Fruit             |       |       |     1 |       |       |     8 |       |     3 |     9 ||    21
       Royal jelly       |       |       |     1 |       |       |     2 |       |       |     4 ||     7
       Meat ration       |       |       |     1 |       |       |     1 |     1 |       |    13 ||    16
       Beef jerky        |       |       |       |       |       |       |       |     1 |     8 ||     9
       Pizza             |       |       |       |       |       |       |       |       |     1 ||     1
Armor: Robe              |    13 |     9 |       |       |       |       |       |       |       ||    22
       Chain mail        |       |   185 |   327 |   617 |   337 |       |       |       |       ||  1466
       Skin              |       |       |       |    76 |       |       |       |       |       ||    76
       Troll leather arm |       |       |       |       |   113 |   305 |   166 |       |       ||   584
       Ice dragon scales |       |       |       |       |    73 |       |       |       |       ||    73
       Ring mail         |       |       |       |       |       |       |   144 |   472 |  1627 ||  2243
Dodge: Dodged            |    24 |    67 |    89 |   320 |   510 |   698 |   428 |   535 |  2222 ||  4893
Block: Shield            |       |       |       |       |   550 |   539 |   789 |  1308 |  5782 ||  8968
       Reflection        |       |       |       |       |       |       |       |       |    87 ||    87

Vault maps used:
D:1:      sevenhm_arrival_forest_fort_small_6, minmay_crystal_water
D:2:      minmay_overflow_temple_hex
D:3:      first_bread, glass_columns_c
D:4:      enter_ossuary_1, uniq_blork_the_orc
D:5:      gup_sewer_entry_bubbles, basic_altar, fedhas_altar_4,
          uniq_crazy_yiuf_cottage, uniq_sigmund
D:6:      ashenzari_conservatory_becter, grunt_gozag_breadcrumbs
D:7:      tgw_trog, uniq_pikel
D:8:      serial_shops, shop, shop, shop, nicolae_shop_behind_doors, shop,
          st_stairs_4
D:9:      orc_0_dummy, the_bakery, uniq_grum, uniq_maurice, uniq_gastronok
D:10:     grunt_lair_entry_orc_guard_hut, basic_altar, uniq_fannar
D:12:     serial_glass, glass_columns_b, glass_columns_a,
          portal_ice_cave_entry_pillars_1, wad_scary_box
D:13:     hangedman_vaults_entry_quadrant_bands
D:14:     serial_shops, shop_statue, minivault_19, lab_entry_generic,
          hangedman_decor_clover_reticule, minmay_unpleasant_kobolds
D:15:     hangedman_depths_entry_civil_slaughter,
          roderic_lattice_octagonal_star, serial_co_window_serial,
          co_window_of_opportunity_a, co_window_corner_a, co_window_cross_1,
          co_window_cross_1, co_window_paths_a, co_window_corner_b,
          co_window_2corner, co_window_corner_b, co_window_4corner_a,
          uniq_sonja, uniq_urug, uniq_louise, uniq_nessos
Temple:   nicolae_temple_figure_eight
Lair:2:   swamp_mist_pool, guppyfry_snake_entry_island,
          infiniplex_staircase_pool_2
Lair:4:   serial_bayou_ford_a
Lair:5:   lemuel_centaur_altar, grunt_megastairs_2
Lair:6:   hangedman_lair_tendril_chambers, wormcave, slime_dummy
Swamp:1:  evilmike_swamp_ruin_house_4, swamp_pool1
Swamp:2:  evilmike_swamp_ruin_rubble_1
Swamp:3:  nicolae_swamp_fairy_circle, swamp_pool4, uniq_jorgrun
Swamp:4:  swamp
Snake:1:  serial_shops, shop, uniq_aizul, uniq_asterion, uniq_kirke
Snake:3:  minmay_shop_grove, uniq_bai_suzhen, uniq_saint_roka, uniq_vashnia
Snake:4:  grunt_snake_rune_pools
Orc:1:    serial_shops, shop
Orc:2:    st_orc_open, serial_shops, shop, uniq_snorg
Elf:1:    eino_elf_arrival_customs, serial_shops, shop, evilmike_minifort
Elf:2:    serial_shops, nicolae_shop_competitors_out_of_business
Elf:3:    elf_hall
Vaults:1: nicolae_vaults_big_ls, nicolae_vaults_asterisk, v_misc_15,
          nicolae_vaults_hallways_thing, grunt_tower_of_power,
          vaults_room_fancy_cross, nicolae_vaults_big_angled_halls,
          nicolae_vaults_circle_grid_a, vaults_room_grunt_arrival_ludios,
          vaults_dpeg_ring, grunt_vaults_trifunnel, serial_ice_g, basic_altar
Vaults:2: minmay_crypt_entry_simple_round, nicolae_vaults_what_the_h,
          nicolae_vaults_murderbox, nicolae_vaults_diagonal_hallway_9,
          nicolae_vaults_yaktaur_gun_rack
Vaults:3: vaults_room_door_hall, st_greater_box_5, ontoclasm_vaults_hangar,
          nicolae_vaults_network_periphery, nicolae_vaults_inception_corners,
          hangedman_vaults_impose, ontoclasm_vaults_hangar,
          nicolae_vaults_specimen_jars, nicolae_vaults_circle_grid_b,
          grunt_vaults_focal, ontoclasm_vaults_decontamination,
          ontoclasm_vaults_loading_screen, ontoclasm_vaults_ring_small,
          portal_desolation_entry_salt, serial_shops, nicolae_shop_statue_plus,
          shop, nicolae_shop_stone, uniq_mennas, uniq_sojobo
Vaults:4: hangedman_vaults_hat, vaults_room_fancy_cross, hangedman_vaults_trim,
          ontoclasm_vaults_loading_screen, nicolae_vaults_rhombus_5,
          vaults_dpeg_spiral, hangedman_vaults_impose, ontoclasm_vaults_twist,
          v_misc_30, nicolae_vaults_border_crossing, v_pattern_4,
          nicolae_vaults_theta, serial_shops, nicolae_shop_waterfront
Vaults:5: serial_shops, uniq_jory
Crypt:1:  serial_glass, glass_columns_a, glass_columns_a, glass_columns_a,
          glass_columns_b
Crypt:2:  special_room
Crypt:3:  quadcrypt_mu, uniq_xtahua
Depths:1: special_room, serial_shops, shop_statue, minmay_misc_feat_diagonals,
          pf_hell_entry_tar_spiral, hangedman_corner_corridor, uniq_nikola
Depths:2: hangedman_spin_cycle, pan_entry, hell_entry
Depths:3: hangedman_cross_veins, rand_demon_pan_entry_1, serial_shops, shop,
          hell_entry, minmay_misc_feat_secret_circle, minmay_crystal_room,
          serial_bayou_shore_b
Depths:4: hangedman_surveillance_ring, abyss_entry, hell_entry,
          grunt_decor_one_mirror
Depths:5: grunt_zot_entry_bicorn, grunt_mini_vestibule, old_standard_altar,
          abyss_entry_flame_altar, serial_sigils_hangedman_clutch,
          serial_bayou_shore_a
Abyss:5:  evilmike_abyss_exit_9, minivault_13,
          hangedman_abyss_rune_flesh_and_stone, evilmike_abyss_exit_chaos
Pan:      rand_demon_1, rand_demon_1, nicolae_pan_mnolegish_5,
          evilmike_mini_pan_pillars, pan_blood_fountain, rand_demon_1,
          rand_demon_5, evilmike_mini_pan_diamond, rand_demon_4,
          grunt_pan_frozen_over, nicolae_pan_sigil_eeng,
          nicolae_pan_lom_lobonic_2, reaverb_pan_chaos_star, mnoleg
Zig:6:    ziggurat_pillar_centre_c
Zig:10:   ziggurat_pillar_centre_oklobs
Zig:14:   ziggurat_pillar_centre_smoke
Zig:17:   ziggurat_pillar_centre_drop
Zig:23:   ziggurat_pillar_centre_dead_trees
Lab:      nicolae_lab_very_dead_end, nicolae_lab_starburst,
          nicolae_lab_big_swirl, nicolae_lab_hexagon
Sewer:    sewer_the_crocodile
Ossuary:  ossuary_tomb_1
IceCv:    ice_cave_caverns_01
